 Dungeon Crawl Stone Soup version 0.30-a0-722-g3e6e8c874d (webtiles) character file.

Game seed: 12807543572820686323

926670 Conn the Sorcerer (level 27, 0/132 HPs)
             Began as an Octopode Fire Elementalist on Jan 27, 2023.
             Was the Champion of Sif Muna.
             Killed from afar by a shock serpent (5 damage)
             ... with a bolt of electricity
             ... on level 27 of a ziggurat on Jan 28, 2023.
             The game lasted 10:13:47 (95523 turns).

Conn the Sorcerer (Octopode Fire Elementalist)     Turns: 95523, Time: 10:13:47

Health: 0/132      AC:  7    Str: 11    XL:     27
Magic:  7/71       EV: 37    Int: 54    God:    Sif Muna [******]
Gold:   8734       SH: 23    Dex: 23    Spells: 0/78 levels left

rFire   + . .      SeeInvis +    y - staff of fire
rCold   + . .      Faith    .    E - +5 kite shield {reflect}
rNeg    + + +      Spirit   .    c - +0 hat "Lezurhoj" {+Blink Regen+}
rPois   +          Reflect  +    k - amulet of the Four Winds {rN+ Will+++ Clar}
rElec   +          Harm     .    j - ring of Fuawk {AC+4 Str+3 Int+2 Stlth-}
rCorr   +          Rampage  .    T - ring of Wotuh {Int+7 Dex+6}
Will    +++++      Clarity  +    v - ring of Coronation {Will+ MP+9 Dex-4 SInv Stlth+}
Stlth   ++++++                   h - ring of Saptenk {rElec rCorr EV+5 Str+6 Dex-3}
HPRegen 1.22/turn                C - ring "Qyelum" {rN+ MP+9 Int+2 Dex+6}
MPRegen 0.42/turn                f - ring of ice
                                 G - ring of the Lotus Blossom {Drain rF+ Int+6 Dex+3 Stlth+}
                                 U - ring of Bafex {rElec rN++ Str-5 Int+6 Dex+2}

@: lethally poisoned (0 -> -1), in a vortex, weakened, flying (expiring),
studying 12 skills
A: almost no armour, amphibious, 8 rings, camouflage 1, gelatinous body 1,
(nimble swimmer 1), tentacles, antennae 1, iridescent scales 1, poison
resistance
}: 5/15 runes: decaying, serpentine, slimy, silver, golden
a: Renounce Religion, Evoke Blink, Channel Magic, Forget Spell, Divine Exegesis


You were on level 27 of a ziggurat.
You worshipped Sif Muna.
Sif Muna was exalted by your worship.
You visited 17 branches of the dungeon, and saw 66 of its levels.
You visited 1 bazaar.
You visited 2 ziggurats, and saw 45 of their levels (deepest: 27).
You also visited: Trove and Bailey.

You collected 11858 gold pieces.
You spent 3124 gold pieces at shops.

Inventory:

Hand Weapons
 a - the +2 short sword "Worm's Wrath" {spect, rElec rN+ rCorr Str+3}
   (You found it on level 14 of the Dungeon)

   Str:       It affects your strength (+3).
   rElec:     It insulates you from electricity.
   rN:        It protects you from negative energy.
   rCorr:     It protects you from acid and corrosion.
 A - the +12 pair of quick blades "Gyre" and "Gimble" {protect}
   (You found it on level 5 of the Pits of Slime)
 I - the +7 sceptre of Torment {pain, torment}
   (You found it on level 12 of a ziggurat)
Armour
 c - the +0 hat "Lezurhoj" (worn) {+Blink Regen+}
   (You acquired it in a bailey)

   +Blink:    It lets you blink.
   Regen:     It increases your rate of health regeneration.
 E - a +5 kite shield of reflection (worn)
Magical Staves
 b - a staff of conjuration
 y - a staff of fire (weapon)
 Q - a staff of cold
Jewellery
 f - a ring of ice (on tentacle)
 h - the ring of Saptenk (on tentacle) {rElec rCorr EV+5 Str+6 Dex-3}
   (You found it on level 2 of the Depths)

   [ring of evasion]

   EV:        It affects your evasion (+5).
   Str:       It affects your strength (+6).
   Dex:       It affects your dexterity (-3).
   rElec:     It insulates you from electricity.
   rCorr:     It protects you from acid and corrosion.
 j - the ring of Fuawk (left tentacle) {AC+4 Str+3 Int+2 Stlth-}
   (You found it on level 10 of a ziggurat)

   [ring of protection]

   AC:        It affects your AC (+4).
   Str:       It affects your strength (+3).
   Int:       It affects your intelligence (+2).
   Stlth:     It makes you less stealthy.
 k - the amulet of the Four Winds (around mantle) {rN+ Will+++ Clar}
   (You found it on level 16 of a ziggurat)

   [amulet of nothing]

   rN:        It protects you from negative energy.
   Clar:      It protects you against confusion.
   Will:      It greatly increases your willpower.
 l - the amulet "Aluxeseg" {Acrobat rElec rPois rC+}
   (You found it on level 21 of a ziggurat)

   [amulet of the acrobat]

   It increases your evasion while moving and waiting.
   rC:        It protects you from cold.
   rElec:     It insulates you from electricity.
   rPois:     It protects you from poison.
 m - the ring of Piorrimm {+Blink rF+ rC- Str+6 Int+4}
   (You found it on level 2 of the Depths)

   [ring of strength]

   Str:       It affects your strength (+6).
   Int:       It affects your intelligence (+4).
   rF:        It protects you from fire.
   rC:        It makes you vulnerable to cold.
   +Blink:    It lets you blink.
 q - the amulet "Wiafayps" {RegenMP Rampage rC++ Stlth+}
   (You took it off a yaktaur captain on level 5 of the Vaults)

   [amulet of magic regeneration]

   It increases your rate of magic regeneration.
   rC:        It greatly protects you from cold.
   Rampage:   It bestows one free step when moving towards enemies.
   Stlth:     It makes you more stealthy.
 t - the ring "Rewko" {Fly rC+ Int+4}
   (You found it on level 11 of a ziggurat)

   [ring of flight]

   Int:       It affects your intelligence (+4).
   rC:        It protects you from cold.
   Fly:       It grants you flight.
 v - the ring of Coronation (on tentacle) {Will+ MP+9 Dex-4 SInv Stlth+}
   (You found it on level 20 of a ziggurat)

   [ring of magical power]

   Dex:       It affects your dexterity (-4).
   MP:        It affects your magic capacity (+9).
   SInv:      It lets you see invisible.
   Will:      It increases your willpower.
   Stlth:     It makes you more stealthy.
 C - the ring "Qyelum" (on tentacle) {rN+ MP+9 Int+2 Dex+6}
   (You found it on level 26 of a ziggurat)

   [ring of dexterity]

   Int:       It affects your intelligence (+2).
   Dex:       It affects your dexterity (+6).
   rN:        It protects you from negative energy.
   MP:        It affects your magic capacity (+9).
 G - the ring of the Lotus Blossom (on tentacle) {Drain rF+ Int+6 Dex+3 Stlth+}
   (You found it on level 18 of a ziggurat)

   [ring of intelligence]

   Int:       It affects your intelligence (+6).
   Dex:       It affects your dexterity (+3).
   rF:        It protects you from fire.
   Drain:     It drains your maximum health when unequipped.
   Stlth:     It makes you more stealthy.
 H - the macabre finger necklace {Finger+ rN+}
   (You found it on level 3 of the Tomb of the Ancients)

   [amulet of nothing]

   Finger+:   It enables you to equip an extra ring.
   rN:        It protects you from negative energy.
 J - the ring of Obat {rPois Will++ Dex+2 Slay+4}
   (You found it on level 15 of a ziggurat)

   [ring of slaying]

   Dex:       It affects your dexterity (+2).
   Slay:      It affects your accuracy & damage with ranged weapons and melee
   (+4).
   rPois:     It protects you from poison.
   Will:      It greatly increases your willpower.
 L - the ring of Torew {Fire rPois Str-2 SInv}
   (You found it on level 10 of the Dungeon)

   [ring of fire]

   It enhances your fire magic.
   Str:       It affects your strength (-2).
   rF:        It protects you from fire.
   rC:        It makes you vulnerable to cold.
   rPois:     It protects you from poison.
   SInv:      It lets you see invisible.
 M - the ring "Xiott" {Wiz MP+9}
   (You found it on level 10 of the Dungeon)

   [ring of wizardry]

   It improves your spell success rate.
   MP:        It affects your magic capacity (+9).
 O - the ring "Sebb" {rN+ Will++ EV+5 Int-3 Stlth+}
   (You found it in a treasure trove)

   [ring of evasion]

   EV:        It affects your evasion (+5).
   Int:       It affects your intelligence (-3).
   rN:        It protects you from negative energy.
   Will:      It greatly increases your willpower.
   Stlth:     It makes you more stealthy.
 T - the ring of Wotuh (right tentacle) {Int+7 Dex+6}
   (You found it on level 26 of a ziggurat)

   [ring of dexterity]

   Int:       It affects your intelligence (+7).
   Dex:       It affects your dexterity (+6).
 U - the ring of Bafex (on tentacle) {rElec rN++ Str-5 Int+6 Dex+2}
   (You took it off a frost giant on level 2 of the Depths)

   [ring of intelligence]

   Str:       It affects your strength (-5).
   Int:       It affects your intelligence (+6).
   Dex:       It affects your dexterity (+2).
   rElec:     It insulates you from electricity.
   rN:        It greatly protects you from negative energy.
 W - the ring of Paranoia {rElec rCorr Str+6}
   (You found it on level 21 of a ziggurat)

   [ring of strength]

   Str:       It affects your strength (+6).
   rElec:     It insulates you from electricity.
   rCorr:     It protects you from acid and corrosion.
 Y - the ring of the Hare {EV+10}
   (You found it in a treasure trove)

   [ring of evasion]

   EV:        It affects your evasion (+10).
Wands
 s - a wand of charming (22)
 R - a wand of light (10)
 V - a wand of digging (36)
Scrolls
 e - 37 scrolls of teleportation
 g - 9 scrolls of fear
 p - 2 scrolls of amnesia
 D - 9 scrolls of immolation
 F - 3 scrolls of butterflies
 K - 2 scrolls of blinking
 N - 17 scrolls of fog
 P - 17 scrolls of magic mapping
 X - 2 scrolls of torment
Potions
 d - 4 potions of resistance
 i - 6 potions of flight
 o - 11 potions of haste
 r - 3 potions of invisibility
 u - 8 potions of heal wounds
 w - 13 potions of cancellation
 x - 13 potions of attraction
 z - 50 potions of mutation
 B - 21 potions of curing
 S - 2 potions of brilliance
 Z - 5 potions of ambrosia


   Skills:
 - Level 3.9 Fighting
 - Level 2.5 Short Blades
 - Level 2.3 Staves
 - Level 0.2 Ranged Weapons
 - Level 1.0 Throwing
 + Level 22.0 Dodging
 - Level 8.6 Stealth
 + Level 22.2 Shields
 - Level 26.3 Spellcasting
 - Level 22.1 Conjurations
 + Level 12.2 Hexes
 - Level 7.0 Summonings
 - Level 6.3 Necromancy
 - Level 18.5 Translocations
 - Level 24.4 Fire Magic
 - Level 24.6 Ice Magic
 * Level 14.2 Air Magic
 - Level 10.4 Earth Magic
 - Level 1.5 Poison Magic
 - Level 15.8 Invocations
 - Level 7.7 Evocations


You couldn't memorise any spells.
You knew the following spells:

 Your Spells              Type           Power      Damage    Failure   Level
a - Chain Lightning       Conj/Air       66%        3d88      9%          9
b - Ignition              Fire           86%        3d22      1%          8
c - Polar Vortex          Ice            86%        N/A       1%          9
d - Discord               Hex            58%        N/A       7%          8
f - Blink                 Tloc           100%       N/A       0%          2
g - Hailstorm             Conj/Ice       100%       3d20      0%          3
h - Lehudib's Crystal Sp  Conj/Erth      64%        10d15     1%          8
j - Iskenderun's Mystic   Conj/Tloc      100%       2d19      0%          4
k - Orb of Destruction    Conj           71%        9d16      0%          7
l - Disjunction           Tloc           67%        N/A       1%          8
n - Swiftness             Air            100%       N/A       0%          3
o - Fire Storm            Conj/Fire      85%        8d21      1%          9

Your spell library contained the following spells:

 Spells                   Type           Power      Damage    Failure   Level
 Apportation              Tloc           100%       N/A       0%          1
 Foxfire                  Conj/Fire      100%       2x1d9     0%          1
 Freeze                   Ice            100%       1d10      0%          1
 Kiss of Death            Conj/Necr      100%       2d13      0%          1
 Magic Dart               Conj           100%       1d8       0%          1
 Necrotise                Necr           100%       1d9       0%          1
 Sandblast                Erth           100%       2d20      0%          1
 Shock                    Conj/Air       100%       1d9       0%          1
 Slow                     Hex            100%       N/A       0%          1
 Summon Small Mammal      Summ           100%       N/A       0%          1
 Call Imp                 Summ           99%        N/A       0%          2
 Cigotuvi's Dreadful Rot  Necr/Pois/Air  100%       N/A       0%          2
 Ensorcelled Hibernation  Hex/Ice        100%       N/A       0%          2
 Lesser Beckoning         Tloc           100%       N/A       0%          2
 Momentum Strike          Conj/Tloc      100%       3d10      0%          2
 Poisonous Vapours        Pois/Air       100%       N/A       0%          2
 Scorch                   Fire           100%       2d10      0%          2
 Searing Ray              Conj           100%       2d8       0%          2
 Static Discharge         Conj/Air       100%       2-7/arc   0%          2
 Confusing Touch          Hex            100%       N/A       0%          3
 Dazzling Flash           Conj/Hex       100%       N/A       0%          3
 Frozen Ramparts          Ice            100%       1d16      0%          3
 Gell's Gravitas          Tloc           100%       N/A       0%          3
 Ignite Poison            Fire/Tmut/Pois 100%       N/A       0%          3
 Inner Flame              Hex/Fire       100%       N/A       0%          3
 Kindle Blastsparks       Fire/Tloc/Air  100%       2d18      0%          3
 Mephitic Cloud           Conj/Pois/Air  100%       N/A       0%          3
 Ozocubu's Armour         Ice            100%       N/A       0%          3
 Portal Projectile        Hex/Tloc       100%       N/A       0%          3
 Stone Arrow              Conj/Erth      100%       3d13      0%          3
 Summon Guardian Golem    Hex/Summ       100%       N/A       0%          3
 Teleport Other           Tloc           100%       N/A       0%          3
 Tukima's Dance           Hex            100%       N/A       0%          3
 Vhi's Electric Charge    Tloc/Air       100%       N/A       0%          3
 Airstrike                Air            61%        2d(9-25)  0%          4
 Cause Fear               Hex            58%        N/A       0%          4
 Flame Wave               Conj/Fire      100%       2d21      0%          4
 Fulminant Prism          Conj/Hex       65%        3d28      0%          4
 Ice Form                 Ice/Tmut       100%       N/A       0%          4
 Leda's Liquefaction      Hex/Erth       57%        N/A       0%          4
 Manifold Assault         Tloc           100%       N/A       0%          4
 Passage of Golubria      Tloc           100%       N/A       0%          4
 Sticky Flame             Conj/Fire      100%       2d11      0%          4
 Summon Ice Beast         Ice/Summ       100%       N/A       0%          4
 Arcjolt                  Conj/Air       66%        1d76      0%          5
 Fireball                 Conj/Fire      85%        3d31      0%          5
 Freezing Cloud           Conj/Ice/Air   82%        6-21      0%          5
 Iskenderun's Battlesphe  Conj           100%       2d15      0%          5
 Lightning Bolt           Conj/Air       66%        1d90      0%          5
 Metabolic Englaciation   Hex/Ice        79%        N/A       0%          5
 Conjure Ball Lightning   Conj/Air       66%        3x3d25    0%          6
 Dispersal                Tloc           67%        N/A       0%          6
 Starburst                Conj/Fire      85%        6d21      0%          6
 Ozocubu's Refrigeration  Ice            86%        4d26      0%          7
 Beastly Appendage        Tmut           100%       N/A       1%          1
 Sting                    Tmut/Pois      100%       1d8       1%          1
 Passwall                 Tmut/Erth      75%        N/A       1%          2
 Sublimation of Blood     Necr           96%        N/A       1%          2
 Wereblood                Tmut           63%        N/A       1%          2
 Call Canine Familiar     Summ           99%        N/A       1%          3
 Spider Form              Tmut/Pois      68%        N/A       1%          3
 Vampiric Draining        Necr           96%        2d12      1%          3
 Anguish                  Hex/Necr       53%        N/A       1%          4
 Animate Dead             Necr           96%        N/A       1%          4
 Dispel Undead            Necr           96%        3d30      1%          4
 Olgreb's Toxic Radiance  Pois           72%        N/A       1%          4
 Petrify                  Tmut/Erth      91%        N/A       1%          4
 Summon Lightning Spire   Summ/Air       100%       N/A       1%          4
 Agony                    Necr           96%        N/A       1%          5
 Borgnjor's Vile Clutch   Necr/Erth      52%        N/A       1%          5
 Irradiate                Conj/Tmut      56%        3d30      1%          5
 Lee's Rapid Deconstruct  Erth           55%        3d26*     1%          5
 Silence                  Hex/Air        60%        N/A       1%          5
 Summon Forest            Summ/Tloc      59%        N/A       1%          5
 Summon Mana Viper        Hex/Summ       100%       N/A       1%          5
 Yara's Violent Unravell  Hex/Tmut       47%        3d18      1%          5
 Death Channel            Necr           48%        N/A       1%          6
 Iron Shot                Conj/Erth      64%        9d12      1%          6
 Simulacrum               Ice/Necr       75%        N/A       1%          6
 Summon Cactus Giant      Summ           49%        N/A       1%          6
 Enfeeble                 Hex            58%        N/A       1%          7
 Malign Gateway           Summ/Tloc      59%        N/A       1%          7
 Spellforged Servitor     Conj/Summ      62%        N/A       1%          7
 Statue Form              Tmut/Erth      60%        N/A       2%          6
 Alistair's Intoxication  Tmut/Pois      45%        N/A       3%          5
 Maxwell's Capacitive Co  Air            61%        ∞         3%          8
 Blade Hands              Tmut           31%        N/A       4%          5
 Monstrous Menagerie      Summ           49%        N/A       7%          7
 Storm Form               Tmut/Air       49%        N/A       7%          7
 Summon Hydra             Summ           49%        N/A       7%          7
 Haunt                    Necr/Summ      48%        N/A       9%          7
 Eringya's Noxious Bog    Tmut/Pois      34%        N/A       17%         6
 Summon Horrible Things   Summ           49%        N/A       50%         8
 Borgnjor's Revivificati  Necr           48%        N/A       58%         8
 Infestation              Necr           48%        N/A       58%         8
 Dragon Form              Tmut           31%        N/A       78%         7
 Shatter                  Erth           55%        3d42*     91%         9
 Necromutation            Tmut/Necr      40%        N/A       95%         8
 Death's Door             Necr           48%        N/A       100%        9
 Dragon's Call            Summ           49%        N/A       100%        9


Dungeon Overview and Level Annotations

Branches:
Dungeon (15/15)            Temple (1/1) D:4            Lair (5/5) D:11
  Swamp (4/4) Lair:2        Snake (4/4) Lair:2        Slime (5/5) Lair:5
    Orc (2/2) D:9             Elf (3/3) Orc:2        Vaults (5/5) D:14
  Crypt (3/3) Vaults:3       Tomb (3/3) Crypt:3      Depths (4/4) D:15
   Hell (visited)             Dis (1/7) Hell            Geh (4/7) Hell
    Coc (5/7) Hell            Tar (1/7) Hell            Zot (0/5) Depths:4
 Bailey (visited)

Altars:
Ashenzari
Cheibriados
Dithmenos
Elyvilon
Fedhas
Gozag
Hepliaklqana
Kikubaaqudgha
Makhleb
Nemelex Xobeh
Okawaru
Qazlal
Ru
Sif Muna
Trog
Uskayaw
Vehumet
Wu Jian
Xom
Yredelemnul
Zin
The Shining One
Jiyva
Lugonu

Shops:
Orc:2 [?[:   Elf:2 (   Snake:1 ((   Snake:4 [   Vaults:3 !   Depths:2 **

Portals:
Hell: Depths:1 Depths:2 Depths:3 Depths:4
Abyss: Depths:3
Pandemonium: Depths:2

Annotations:
Snake:4 2 transporters, Osket's ghost, adept DEEE
Depths:2 3 runed translucent doors


Innate Abilities, Weirdness & Mutations

You cannot wear most types of armour.
You are amphibious.
You can wear up to eight rings at the same time.
Your skin changes colour to match your surroundings (Stealth+).
Your rubbery body absorbs attacks. (AC +1, EV +1)
((You are camouflaged when in or above water. (Stealth+)))
You have tentacles for arms and can constrict up to eight enemies at once.
You have a pair of small antennae on your head.
You are partially covered in iridescent scales. (AC +2)
Your system is resistant to poisons. (rPois)


Message History

Your fire vortex burns the naga!
Your fire vortex dissipates!
The salamander tyrant rends the earth beneath you!
The blast of magma engulfs you!! You partially resist.
The naga sharpshooter shoots a bolt.
The bolt hits your fire vortex!!
The salamander tyrant calls gouts of flame from the lava!
The flame surge hits you! You resist.
* * * LOW HITPOINT WARNING * * *
The nagaraja points at you and mumbles some strange words.
The poison arrow misses you.
The salamander tyrant calls gouts of flame from the lava!
The flame surge hits you! You resist.
* * * LOW HITPOINT WARNING * * *
The salamander tyrant calls gouts of flame from the lava!
The flame surge hits you!! You resist.
* * * LOW HITPOINT WARNING * * *
The nagaraja points at you and mumbles some strange words.
You resist with almost no effort.
Press: ? - help, v - describe, . - travel The floor.
This square is bathed in translocational energy.
There is a cloud of grey smoke here.
Unknown command.
Unknown command.
Unknown command.
Unknown command.
Okay, then.
Blink to where?
Press: ? - help, Dir - move target
As you read the scroll of blinking, it crumbles to dust.
The nagaraja blinks!
You kill the salamander tyrant!
Sif Muna accepts your kill.
The translocation energy dissipates.
You feel sick.
The nagaraja points at you and mumbles some strange words.
The bolt of poison misses you.
The shock serpent shoots out a bolt of lightning at you!
The bolt of electricity hits you. You resist.
You die...

▓▓....N..
▓▓........
▓▓§N☼○§§.N.
▓▓.§§.§§vNv.
▓▓§○§§°§§§v☼.
▓▓§§§§§§§§§.○.
▓▓§°§.§§≈§§§N.N
▓▓§§§§§..§§§v.○N
▓@§§§§S§§§§§§).N
▓▓§§§§§§S)§§N.vN
▓▓§§§§§§§○§§†.N
▓▓☼§§§..†..N..
▓▓§N...N.†N..
▓▓.....†....
▓▓.N.N.....
▓▓..†N....
▓▓.......


You could see 2 nagarajas, a shock serpent, a black mamba and a naga mage
(fast).

Vanquished Creatures
  the Royal Jelly (Slime:5)
  Dissolution (Slime:2)
  Khufu (Tomb:2)
  8 dread liches
  6 ancient liches
  A pandemonium lord (Zig:16)
  2 juggernauts
  54 royal mummies
  Sojobo (Vaults:5)
  Vashnia (Snake:4)
  Boris (Tomb:3)
  Parghit (Depths:3)
  Bai Suzhen (Elf:3)
  16 shard shrikes
  2 Killer Klowns (Zig:5)
  Xtahua (Crypt:2)
  Saint Roka (Vaults:5)
  12 caustic shrikes
  The ghost of Rrauwl the Slayer, an adept MiMo of Okawaru (Elf:3)
  Geryon (Hell)
  4 profane servitors
  Jory (Vaults:4)
  9 golden dragons
  7 bone dragons
  4 iron giants
  4 Brimstone Fiends
  A Tzitzimitl (Hell)
  A shard shrike zombie (Crypt:2)
  6 doom hounds
  13 electric golems
  10 hellephants
  Jorgrun (Elf:2)
  Mlioglotl (Swamp:4)
  8 tentacled monstrosities
  21 Ice Fiends
  14 searing wretches
  6 Hell Sentinels (Zig:17)
  Grunn (Crypt:3)
  2 tainted leviathans (Hell)
  12 liches
  A walking earthen tome (Depths:3)
  5 quicksilver dragons
  5 deep elf master archers
  Asterion (Depths:1)
  2 deep elf blademasters
  27 titans
  3 Executioners (Zig:16)
  30 acid blobs
  Kirke (Snake:4)
  4 tentacled starspawn (Zig:15)
  22 ancient champions
  19 sphinxes
  8 shadow dragons
  12 storm dragons
  Donald (Swamp:2)
  A fenstrider witch (Zig:14)
  13 tengu reavers
  2 thorn hunters (Swamp:4)
  A draconian monk (Zig:8)
  14 nagarajas
  14 fire giants
  16 rockslimes
  13 revenants
  23 narguns
  22 azure jellies
  6 emperor scorpions
  4 quicksilver elementals
  6 draconian knights (Zig:24)
  13 deep elf sorcerers
  4 draconian scorchers
  15 ghost moths
  8 curse skulls
  18 frost giants
  15 balrugs
  7 draconian shifters
  Louise (Elf:3)
  An orc warlord (Zig:9)
  7 deep elf elementalists (Elf:3)
  3 shard shrike simulacra
  24 vault wardens
  22 quicksilver oozes
  11 ghouls
  4 draconian annihilators
  5 cacodemons
  3 draconian stormcallers
  A broodmother (Zig:11)
  8 reapers
  2 demonspawn corrupters
  3 spriggan defenders
  A quicksilver ooze (shapeshifter) (Elf:3)
  A demonspawn blood saint (Zig:16)
  2 caustic shrike skeletons
  8 war gargoyles
  6 ironbound thunderhulks
  A juggernaut skeleton (Tomb:3)
  23 ironbound preservers
  15 stone giants
  20 very ugly things
  3 black draconians (Zig:12)
  9 elemental wellsprings
  6 putrid mouths (Hell)
  13 vampire knights
  8 eleionomae
  10 bennus
  3 green draconians
  Azrael (Elf:2)
  8 bunyips
  2 white draconians
  11 deep elf demonologists
  5 purple draconians
  11 dire elephants
  7 deep elf annihilators
  A demonspawn black sun (Zig:17)
  3 lorocyprocas
  14 spark wasps
  3 red draconians
  The ghost of postfeelist the Severer, a journeyman HOFi of Beogh (D:11)
  3 yellow draconians
  14 eidola
  18 deep elf death magi
  7 iron golems
  36 mummy priests
  23 wendigos
  A quicksilver dragon zombie (Zig:19)
  Josephine (Lair:4)
  4 merfolk javelineers
  7 blizzard demons
  3 green deaths (Zig:16)
  6 entropy weavers
  19 ettins
  3 crystal guardians
  11 great orbs of eyes
  22 jiangshi
  8 deep elf high priests
  6 fire dragons
  29 yaktaur captains
  A great orb of eyes (shapeshifter) (Elf:3)
  12 ice dragons
  31 vault guards
  The ghost of Baefeb the Tainter, a journeyman NaVM of Vehumet (D:13)
  37 hydras
  21 salamander tyrants
  3 ghost crabs
  3 peacekeepers
  7 rakshasas
  7 ogre magi
  7 caustic shrike simulacra
  2 juggernaut simulacra (Coc:4)
  A shambling mangrove (Zig:20)
  A jorogumo (shapeshifter) (Zig:15)
  2 radroaches (Zig:16)
  A quicksilver dragon skeleton (Zig:19)
  A catoblepas (Zig:26)
  14 spriggan air magi
  9 centaur warriors
  5 ironbound frosthearts
  2 anacondas (shapeshifter)
  2 spriggan skeletons
  11 alligators
  12 anacondas
  A death knight (Crypt:2)
  31 dancing weapons
  A jorogumo (Zig:20)
  3 stokers
  5 boulder beetles
  16 two-headed ogres
  116 death scarabs
  6 merfolk aquamancers
  4 deep troll shamans
  4 alligator snapping turtles (Zig:20)
  23 vampire magi
  3 deep troll earth magi
  16 hell knights
  11 naga warriors
  19 hell hogs
  2 satyrs
  19 shock serpents
  5 orc high priests
  3 spriggan berserkers
  9 tengu warriors
  4 death yaks
  Urug (Lair:1)
  3 thrashing horrors (Zig:15)
  18 naga sharpshooters
  19 deep elf knights
  A crystal echidna (Zig:17)
  2 wretched stars (Zig:15)
  7 soul eaters
  7 iron trolls
  10 shadow wraiths
  A goliath frog (shapeshifter) (Elf:3)
  7 sun demons (Hell)
  3 orb spiders (Zig:11)
  2 sixfirhies (Zig:16)
  7 salamander mystics
  A shadow demon (Zig:16)
  28 skeletal warriors
  A bunyip zombie (Crypt:2)
  6 goliath frogs
  7 glowing orange brains
  8 spriggan druids
  61 deep trolls
  2 quicksilver dragon simulacra
  5 pharaoh ants
  A sea snake (shapeshifter) (Vaults:5)
  A deep troll (shapeshifter) (Elf:3)
  A sun moth (Zig:11)
  3 storm dragon skeletons
  An anaconda zombie (Hell)
  10 naga ritualists
  15 swamp dragons
  111 slime creatures
  16 bog bodies
  A spriggan simulacrum (Zig:25)
  20 deep elf archers
  3 steelbarb worms
  11 flayed ghosts
  4 starcursed masses
  A swamp dragon (shapeshifter) (Elf:3)
  12 necromancers
  16 phantasmal warriors
  21 ironbound convokers
  4 iron dragon zombies
  A harpy (shapeshifter) (Elf:3)
  36 deep elf zephyrmancers
  2 mana vipers (shapeshifter)
  3 obsidian statues (Zig:18)
  A goliath frog zombie (Crypt:1)
  3 lindwurms
  A sphinx zombie (Zig:18)
  11 wizards
  A golden dragon skeleton (Zig:18)
  31 deep elf pyromancers
  A frost giant zombie (Depths:1)
  10 mana vipers
  An anaconda skeleton (Crypt:2)
  8 orc knights
  A wolf spider (Zig:16)
  12 shining eyes
  2 shadow dragon skeletons
  An oklob plant (Lair:4)
  30 salamanders
  50 ugly things
  A faun (Zig:7)
  A shining eye (shapeshifter) (Zig:15)
  6 orc sorcerers
  2 tengu skeletons
  A manticore (D:15)
  5 will-o-the-wisps
  A faun (shapeshifter) (Elf:3)
  3 moths of wrath (shapeshifter)
  Maurice (D:7)
  11 cyclopes
  An eleionoma skeleton (Crypt:1)
  53 black mambas
  6 moths of wrath
  A sphinx skeleton (Crypt:3)
  4 elephants
  2 apocalypse crabs
  A frost giant skeleton (Crypt:1)
  17 vault sentinels
  A centaur zombie (Hell)
  11 guardian serpents
  An eye of devastation (shapeshifter) (Zig:15)
  Joseph (D:7)
  2 ice statues
  A stone giant skeleton (Hell)
  7 smoke demons
  3 orange demons (Zig:16)
  6 titan simulacra
  3 torpor snails (Zig:16)
  5 eyes of devastation
  6 molten gargoyles (Hell)
  15 naga magi
  An alligator snapping turtle zombie (Crypt:2)
  2 gargoyles (D:14)
  2 water nymphs (D:13)
  A storm dragon simulacrum (Zig:24)
  Maggie (D:8)
  25 cane toads
  2 dire elephant skeletons (Crypt:3)
  A death yak zombie (Crypt:2)
  A demonic crawler (Zig:11)
  2 unseen horrors
  7 anaconda simulacra
  11 hellions
  14 rime drakes
  4 golden dragon simulacra
  A redback zombie (Crypt:3)
  An unseen horror (shapeshifter) (Zig:15)
  3 sea snake zombies (Hell)
  2 kobold demonologists
  15 komodo dragons
  A yaktaur (shapeshifter) (D:13)
  A tengu conjurer (Depths:3)
  3 efreet
  7 freezing wraiths
  44 yaktaurs
  5 tormentors
  7 ancient zymes
  72 guardian mummies
  A purple draconian skeleton (Crypt:2)
  2 iron giant simulacra (Coc:2)
  11 ice devils
  3 red devils (Hell)
  A spectral glowing shapeshifter (Zig:4)
  2 hydra zombies (Hell)
  10 polar bears
  A red draconian skeleton (Crypt:2)
  A sea snake skeleton (Hell)
  A bloated husk (Zig:14)
  11 trolls
  3 meliai
  A troll (shapeshifter) (Elf:3)
  10 tyrant leeches
  Grinder (D:4)
  2 sphinx simulacra
  4 blink frogs (Zig:26)
  A merfolk (Zig:20)
  A shadow dragon simulacrum (Zig:25)
  3 hellwings (Zig:16)
  22 raiju
  2 stone giant simulacra
  A harpy skeleton (Crypt:2)
  A tengu simulacrum (Vaults:4)
  2 dream sheep (shapeshifter)
  18 hornets
  A hydra skeleton (Hell)
  2 tarantellas
  A snapping turtle (shapeshifter) (D:9)
  2 ettin zombies (Vaults:5)
  2 dream sheep
  4 iron dragon simulacra
  4 spriggan zombies
  A fire dragon zombie (Crypt:1)
  A shadow (D:11)
  3 jumping spiders
  9 water elementals
  10 flying skulls
  A black mamba zombie (Crypt:1)
  19 spriggans
  2 jumping spiders (shapeshifter)
  6 large abominations
  A centaur simulacrum (Crypt:2)
  35 yaks
  3 ynoxinuls
  4 culicivoras (Zig:16)
  10 air elementals
  27 ushabtiu
  A hog (shapeshifter) (Elf:2)
  4 wyverns
  4 dire elephant simulacra
  11 wraiths
  A vampire (Crypt:3)
  An ettin skeleton (Crypt:2)
  7 hogs (Snake:4)
  A human (shapeshifter) (Elf:3)
  A yak (shapeshifter) (Elf:3)
  6 fire elementals
  An alligator snapping turtle simulacrum (Coc:2)
  3 golden eyes
  3 steam dragons
  4 chaos spawn
  4 neqoxecs
  13 vampire mosquitoes
  Edmund (D:6)
  5 basilisks
  5 redbacks
  A deep troll zombie (Crypt:3)
  33 nagas
  17 wargs
  7 harpy simulacra
  3 acid dragons
  A naga zombie (Crypt:2)
  A water moccasin (shapeshifter) (Depths:3)
  22 water moccasins
  2 glowing shapeshifter zombies
  2 hydra simulacra
  15 swamp worms
  2 glowing shapeshifter skeletons
  A floating eye (Slime:3)
  15 black bears
  2 naga skeletons
  15 hell hounds
  10 swamp drakes
  2 demonspawn skeletons
  8 ettin simulacra
  9 ice beasts
  54 orc warriors
  2 sky beasts
  A hornet zombie (Crypt:3)
  A swamp dragon zombie (Tomb:2)
  23 wolves
  40 ogres
  12 centaurs
  A torpor snail zombie (Crypt:3)
  3 kobold brigands
  A draconian zombie (Crypt:1)
  6 earth elementals
  6 scorpions
  7 necrophages
  A gnoll sergeant (D:7)
  9 bullfrogs
  6 naga simulacra
  A glowing shapeshifter simulacrum (Zig:25)
  13 wights
  3 killer bees (D:9)
  A polar bear skeleton (Crypt:2)
  13 howler monkeys
  10 electric eels
  A lava snake (Snake:1)
  3 quasits (D:11)
  2 hounds
  8 jellies
  18 orc priests
  A human skeleton (Crypt:3)
  Natasha (thrice) (D:2)
  2 iguanas
  29 orc wizards
  14 hell rats
  86 mummies
  5 adders
  9 gnolls
  2 steam dragon zombies
  A swamp drake skeleton (Crypt:2)
  A shadow imp (D:7)
  A white imp (D:6)
  2 ufetubi
  2 dart slugs
  69 orcs
  6 ball pythons
  4 bats
  4 endoplasms
  2 giant cockroaches (D:1)
  14 goblins
  8 hobgoblins
  10 jackals
  16 kobolds
  3 quokkas
  3 frilled lizards
  A quokka skeleton (Crypt:3)
  3 rats
  6 briar patches (Swamp:4)
  2 bushes
  34 fire vortices
  A fulminant prism (Snake:1)
  5 starspawn tentacles (Zig:15)
3784 creatures vanquished.

Vanquished Creatures (collateral kills)
  A shard shrike (Zig:24)
  An iron giant (Zig:7)
  2 titans
  An azure jelly (Zig:25)
  4 nagarajas (Zig:27)
  A frost giant (Zig:24)
  2 vault wardens
  A reaper (Zig:16)
  A deep elf demonologist (Zig:23)
  A juggernaut skeleton (Zig:18)
  A deep elf annihilator (Zig:23)
  A blizzard demon (Zig:25)
  A hydra (Zig:26)
  3 salamander tyrants
  A ghost crab (Zig:14)
  A juggernaut simulacrum (Zig:24)
  An anaconda (Zig:27)
  An alligator snapping turtle (Zig:20)
  2 death scarabs
  A naga sharpshooter (Zig:17)
  A sun moth (Zig:20)
  An orc knight (Zig:12)
  2 phantasmal warriors (Zig:22)
  A deep elf archer (Elf:2)
  A mana viper (Snake:2)
  A deep elf pyromancer (Elf:2)
  3 salamanders
  6 black mambas
  A vault sentinel (Zig:23)
  4 naga magi
  3 guardian serpents (Zig:27)
  A guardian serpent (shapeshifter) (Zig:23)
  A rime drake (Zig:24)
  A komodo dragon (Zig:26)
  4 guardian mummies
  An ancient zyme (Zig:15)
  A sphinx simulacrum (Zig:25)
  A raiju (Zig:21)
  A tarantella (Zig:16)
  2 fire elementals (Elf:2)
  A culicivora (Zig:11)
  2 yaks (D:9)
  6 nagas
  A redback (Zig:16)
  A water moccasin (Zig:26)
  A floating eye (shapeshifter) (Zig:23)
  An ogre (Orc:1)
  2 jellies (Slime:4)
  29 mummies
  6 fire vortices
  21 foxfires
136 creatures vanquished.

Vanquished Creatures (others)
  An ancient lich (Zig:23)
  A royal mummy (Zig:18)
  A tentacled monstrosity (Vaults:5)
  A lich (Zig:23)
  An azure jelly (Zig:25)
  2 shard shrike simulacra (Coc:5)
  An eleionoma (Swamp:3)
  3 salamander tyrants (Zig:27)
  2 vault guards
  2 ogre magi (Orc:2)
  A juggernaut simulacrum (Zig:25)
  An anaconda (Snake:3)
  5 two-headed ogres (Orc:2)
  An orc high priest (Orc:1)
  2 death yaks (Lair:5)
  A shock serpent (Snake:4)
  A deep elf knight (Elf:2)
  A quicksilver dragon simulacrum (Zig:25)
  A flayed ghost (Zig:22)
  An orc knight (D:15)
  2 deep elf pyromancers
  2 deep elf zephyrmancers (Elf:2)
  3 ugly things
  2 manticores
  2 slime creatures
  4 black mambas
  A guardian serpent (Zig:27)
  A storm dragon simulacrum (Zig:25)
  A gargoyle (D:11)
  A rime drake (Lair:4)
  A troll (D:13)
  A meliai (D:15)
  A bloated husk (Zig:20)
  A polar bear (Lair:5)
  2 hornets (Lair:5)
  A wraith (Lair:4)
  A harpy simulacrum (Coc:5)
  A swamp worm (Lair:2)
  An acid dragon (D:11)
  An orc warrior (D:15)
  An ogre (Orc:2)
  A centaur (D:12)
  2 orcs
  900 fire vortices
  2221 foxfires
  38 fulminant prisms
  22 fungi
  98 plants
  4 starspawn tentacles
3347 creatures vanquished.

Grand Total: 7267 creatures vanquished

Notes
Turn   | Place    | Note
-------+----------+-------------------------------------------
     0 | D:1      | Conn the Octopode Fire Elementalist began the quest for the
                  | Orb.
     0 | D:1      | Reached XP level 1. HP: 11/11 MP: 3/3
    99 | D:1      | Reached XP level 2. HP: 17/17 MP: 1/5
   704 | D:1      | Reached XP level 3. HP: 21/21 MP: 2/6
  1245 | D:2      | Found an opulent altar of Gozag.
  1357 | D:2      | Found a faded altar of an unknown god.
  1462 | D:2      | Noticed Natasha
  1470 | D:2      | Killed Natasha
  1471 | D:2      | Reached XP level 4. HP: 27/27 MP: 0/7
  1547 | D:2      | Learned a level 2 spell: Scorch
  1551 | D:2      | Learned a level 3 spell: Inner Flame
  1637 | D:2      | Noticed Natasha
  1643 | D:2      | Killed Natasha
  1680 | D:2      | Noticed Natasha
  1686 | D:2      | Killed Natasha
  1687 | D:2      | Reached XP level 5. HP: 22/31 MP: 0/9
  1924 | D:3      | Reached skill level 3 in Spellcasting
  2780 | D:3      | Learned a level 4 spell: Flame Wave
  2898 | D:4      | Found a radiant altar of Vehumet.
  2901 | D:4      | Found an opulent altar of Gozag.
  3151 | D:4      | Found a blossoming altar of Fedhas.
  3242 | D:4      | Noticed Grinder
  3255 | D:4      | Killed Grinder
  3256 | D:4      | Reached XP level 6. HP: 36/36 MP: 0/11
  3364 | D:4      | Reached skill level 4 in Spellcasting
  3386 | D:4      | Found a staircase to the Ecumenical Temple.
  3402 | Temple   | Entered the Ecumenical Temple
  3422 | Temple   | Became a worshipper of Sif Muna the Loreminder
  3462 | D:4      | Found an iron altar of Okawaru.
  3527 | D:5      | Entered Level 5 of the Dungeon
  3679 | D:5      | Learned a level 1 spell: Summon Small Mammal
  3723 | D:5      | Gained mutation: You are agile. (Dex +4, Str/Int -1)
                  | [potion of mutation]
  3723 | D:5      | Gained mutation: You have hidden genetic defects. [potion
                  | of mutation]
  3724 | D:5      | Lost mutation: You have hidden genetic defects. [potion of
                  | mutation]
  3724 | D:5      | Lost mutation: You are agile. (Dex +4, Str/Int -1) [potion
                  | of mutation]
  3724 | D:5      | Gained mutation: You are partially covered in iridescent
                  | scales. (AC +2) [potion of mutation]
  3724 | D:5      | Gained mutation: You have a pair of small antennae on your
                  | head. [potion of mutation]
  3724 | D:5      | Gained mutation: Your system is resistant to poisons.
                  | (rPois) [potion of mutation]
  3746 | D:5      | Reached skill level 5 in Fire Magic
  3746 | D:5      | Reached XP level 7. HP: 41/41 MP: 5/13
  3808 | D:5      | Reached skill level 1 in Invocations
  3966 | D:5      | Reached skill level 1 in Summonings
  4279 | D:6      | Reached XP level 8. HP: 46/46 MP: 4/14
  4288 | D:6      | Reached skill level 1 in Hexes
  4825 | D:6      | Noticed Edmund
  4841 | D:6      | Killed Edmund
  5143 | D:6      | Reached * piety under Sif Muna
  5144 | D:6      | Reached skill level 5 in Spellcasting
  5565 | D:7      | Reached XP level 9. HP: 28/51 MP: 2/17
  6190 | D:7      | Found a bloodstained altar of Trog.
  6234 | D:7      | Reached skill level 5 in Invocations
  6324 | D:7      | Reached skill level 6 in Spellcasting
  6439 | D:7      | Noticed Joseph
  6449 | D:7      | Reached skill level 5 in Conjurations
  6488 | D:7      | Killed Joseph
  6891 | D:7      | Learned a level 3 spell: Call Canine Familiar
  6895 | D:7      | Learned a level 3 spell: Hailstorm
  6899 | D:7      | Learned a level 3 spell: Summon Guardian Golem
  6912 | D:8      | Noticed Maurice
  7130 | D:7      | Killed Maurice
  7131 | D:7      | Reached skill level 7 in Spellcasting
  7131 | D:7      | Reached skill level 1 in Ice Magic
  7131 | D:7      | Reached XP level 10. HP: 57/57 MP: 8/20
  7417 | D:8      | Found a broken altar of Ashenzari.
  7435 | D:8      | Noticed Maggie
  7445 | D:8      | Killed Maggie
  7909 | D:8      | Identified the ring of Oscheo Cidou {rF+ Dex+4}
  8432 | D:9      | Reached ** piety under Sif Muna
  8839 | D:9      | Reached skill level 8 in Spellcasting
  9016 | D:9      | Reached XP level 11. HP: 62/62 MP: 16/23
  9099 | D:9      | Found a staircase to the Orcish Mines.
  9735 | Orc:1    | Entered Level 1 of the Orcish Mines
  9772 | Orc:1    | Noticed an orc sorcerer
  9781 | Orc:1    | Killed an orc sorcerer
  9788 | Orc:1    | Noticed an orc high priest
  9799 | Orc:1    | Killed an orc high priest
 10074 | Orc:1    | Noticed a cyclops
 10096 | Orc:1    | Killed a cyclops
 10249 | Orc:1    | Reached *** piety under Sif Muna
 10612 | Orc:1    | Learned a level 4 spell: Sticky Flame
 10616 | Orc:1    | Learned a level 3 spell: Ignite Poison
 10628 | Orc:2    | Entered Level 2 of the Orcish Mines
 10628 | Orc:2    | Noticed an orc sorcerer
 10636 | Orc:2    | Killed an orc sorcerer
 10637 | Orc:2    | Reached skill level 5 in Stealth
 10637 | Orc:2    | Reached skill level 9 in Spellcasting
 10641 | Orc:2    | Reached skill level 10 in Fire Magic
 10771 | Orc:2    | Noticed a two-headed ogre
 10783 | Orc:2    | Noticed a two-headed ogre
 10864 | Orc:2    | Noticed an ogre mage
 10868 | Orc:2    | Noticed an orc sorcerer
 10869 | Orc:2    | Noticed a two-headed ogre
 10874 | Orc:2    | Noticed a two-headed ogre
 10877 | Orc:2    | Noticed a two-headed ogre
 10881 | Orc:2    | Noticed an ogre mage
 10883 | Orc:2    | Noticed a two-headed ogre
 10883 | Orc:2    | Killed a two-headed ogre
 10888 | Orc:2    | Killed a two-headed ogre
 10888 | Orc:2    | Killed a two-headed ogre
 10889 | Orc:2    | Reached XP level 12. HP: 41/67 MP: 5/25
 10892 | Orc:2    | Noticed a two-headed ogre
 10894 | Orc:2    | Killed a two-headed ogre
 10894 | Orc:2    | Killed an ogre mage
 10895 | Orc:2    | Reached skill level 10 in Spellcasting
 10895 | Orc:2    | Noticed a two-headed ogre
 10896 | Orc:2    | Noticed a two-headed ogre
 10897 | Orc:2    | Noticed a two-headed ogre
 10898 | Orc:2    | Noticed a two-headed ogre
 10898 | Orc:2    | Noticed a two-headed ogre
 10900 | Orc:2    | Killed a two-headed ogre
 10902 | Orc:2    | Noticed an ogre mage
 10902 | Orc:2    | Killed a two-headed ogre
 10906 | Orc:2    | Killed an ogre mage
 11016 | Orc:2    | Noticed a two-headed ogre
 11022 | Orc:2    | Killed a two-headed ogre
 11109 | Orc:2    | Killed a two-headed ogre
 11352 | Orc:2    | Killed a two-headed ogre
 11353 | Orc:2    | Reached skill level 11 in Spellcasting
 11505 | Orc:2    | Noticed an ogre mage
 11513 | Orc:2    | Killed an ogre mage
 11531 | Orc:2    | Reached **** piety under Sif Muna
 11625 | Orc:2    | Killed an ogre mage
 11671 | Orc:2    | Killed a two-headed ogre
 11781 | Orc:2    | Killed a two-headed ogre
 11848 | Orc:2    | Killed a two-headed ogre
 11851 | Orc:2    | Reached XP level 13. HP: 72/72 MP: 18/28
 12394 | Orc:2    | Found a staircase to the Elven Halls.
 12427 | Orc:2    | Found Foilyrawn's Book Shop.
 12427 | Orc:2    | Found Gairhen's Antique Armour Emporium.
 12428 | Orc:2    | Found Coedid Rucu's Magic Scroll Emporium.
 12428 | Orc:2    | Found Wemousmi's Armour Boutique.
 12774 | Orc:2    | Bought a scroll of fear for 44 gold pieces
 12774 | Orc:2    | Bought a scroll of fear for 44 gold pieces
 12775 | Orc:2    | Bought a book of Dangerous Friends for 520 gold pieces
 12783 | Orc:2    | Learned a level 7 spell: Orb of Destruction
 12895 | D:10     | Entered Level 10 of the Dungeon
 12925 | D:10     | Reached skill level 12 in Spellcasting
 12988 | D:10     | Found a flagged portal.
 13114 | Bailey   | Entered a bailey
 13249 | Bailey   | Acquired the +0 hat "Lezurhoj" {+Blink Regen+}
 13256 | Bailey   | Acquired 1097 gold pieces
 13259 | Bailey   | Acquired the ring of Qipeckaa {Will+ SInv Stlth+}
 13321 | Bailey   | Found an iron altar of Okawaru.
 13340 | Bailey   | Reached skill level 1 in Staves
 13494 | Bailey   | Identified the +9 short sword of Iklyr {freeze, Fly}
 13511 | Bailey   | Reached XP level 14. HP: 77/77 MP: 30/30
 14640 | D:10     | Reached ***** piety under Sif Muna
 14796 | D:10     | Identified the ring of Torew {Fire rPois Str-2 SInv}
 14884 | D:10     | Identified the ring "Xiott" {Wiz MP+9}
 15122 | D:11     | Found a staircase to the Lair.
 15605 | D:11     | Found a transporter.
 15642 | D:11     | Found a transporter.
 15646 | D:11     | Noticed postfeelist's ghost (journeyman HOFi)
 15659 | D:11     | Received a gift from Sif Muna
 15660 | D:11     | Got Sif Muna's Discourse on Arcane Weapons {god gift}
 15670 | D:11     | Learned a level 4 spell: Fulminant Prism
 16139 | Lair:1   | Entered Level 1 of the Lair of Beasts
 16678 | Lair:1   | Noticed Urug
 16691 | Lair:1   | Killed Urug
 17282 | Lair:2   | Reached skill level 1 in Fighting
 17779 | Lair:2   | Reached skill level 13 in Spellcasting
 17780 | Lair:2   | Reached skill level 15 in Fire Magic
 17796 | Lair:2   | Received a gift from Sif Muna
 17935 | Lair:2   | Got Sif Muna's Octavo of the Harmful Sun {god gift}
 17953 | Lair:2   | Found a staircase to the Snake Pit.
 18289 | Lair:2   | Found a staircase to the Swamp.
 19648 | Lair:4   | Reached XP level 15. HP: 53/83 MP: 26/32
 19857 | Lair:4   | Noticed Josephine
 19868 | Lair:4   | Killed Josephine
 20514 | Lair:4   | Found a glowing golden altar of the Shining One.
 20796 | Lair:5   | Entered Level 5 of the Lair of Beasts
 20838 | Lair:5   | Found a runed translucent door.
 20839 | Lair:5   | Found a viscous altar of Jiyva.
 20839 | Lair:5   | Found a staircase to the Slime Pits.
 20839 | Lair:5   | Noticed an acid blob
 20839 | Lair:5   | Noticed an acid blob
 20853 | Lair:5   | Reached skill level 14 in Spellcasting
 22411 | Lair:5   | Received a gift from Sif Muna
 22503 | Lair:5   | Got Sif Muna's Discourse on Enchantment {god gift}
 22682 | Lair:5   | Learned a level 5 spell: Fireball
 22973 | Lair:5   | Identified the +5 chain mail of Solemn Lucidity {Int+3
                  | Dex+2}
 23166 | Lair:5   | Reached skill level 1 in Short Blades
 23372 | Lair:5   | Learned a level 8 spell: Ignition
 23443 | Snake:1  | Entered Level 1 of the Snake Pit
 23839 | Snake:1  | Found Tekhlo Sauv's Weapon Shop.
 23839 | Snake:1  | Found Ipnojirpha's Weapon Boutique.
 24322 | Snake:1  | HP: 4/129 [black mamba[a naga ritualist] (4)]
 24323 | Snake:1  | Reached skill level 5 in Hexes
 24323 | Snake:1  | HP: 1/129 [poisoned by a black mamba]
 24330 | Snake:1  | Reached skill level 15 in Spellcasting
 24502 | Snake:1  | Reached XP level 16. HP: 73/91 MP: 25/35
 24684 | Snake:1  | Got Vosahos's Tractate on the Snowflakes and the Graveyard
 25061 | Snake:1  | Bought the +6 shortbow of a Billion Lovers {elec, rElec
                  | Str+4 Int+3} for 1257 gold pieces
 25297 | Snake:1  | Reached skill level 5 in Summonings
 26158 | Elf:1    | Entered Level 1 of the Elven Halls
 26187 | Orc:2    | Learned a level 3 spell: Mephitic Cloud
 26374 | D:11     | Identified the ring "Eleahuf" {rCorr Dex+6}
 26395 | D:11     | Killed postfeelist's ghost
 26396 | D:11     | Reached skill level 1 in Evocations
 26756 | D:12     | Identified the +8 long sword "Sial" {distort, rN+}
 27071 | D:12     | Received a gift from Sif Muna
 27080 | D:12     | Got Mnoleg's Incunable of Formation {god gift}
 28134 | D:13     | You are sucked into a shaft and drop 2 floors!
 28134 | D:15     | Entered Level 15 of the Dungeon
 28359 | D:15     | Reached skill level 1 in Throwing
 28397 | D:15     | Found a blossoming altar of Fedhas.
 28424 | D:15     | Reached skill level 16 in Spellcasting
 28673 | D:15     | Found a staircase to the Depths.
 29436 | D:14     | Found a gate to the Vaults.
 30060 | D:14     | Identified the +2 short sword "Worm's Wrath" {spect, rElec
                  | rN+ rCorr Str+3}
 30870 | D:13     | Found a runed translucent door.
 30871 | D:13     | Found a shimmering altar of Xom.
 30871 | D:13     | Noticed Baefeb's ghost (journeyman NaVM)
 31137 | D:5      | Learned a level 2 spell: Blink
 31543 | D:13     | Reached XP level 17. HP: 69/97 MP: 27/37
 31911 | D:13     | Found a portal to a secret trove of treasure.
 32041 | D:13     | Received a gift from Sif Muna
 32052 | D:13     | Got Sif Muna's Omnibus of Striking {god gift}
 32571 | D:13     | Killed Baefeb's ghost
 32810 | D:15     | Found a burning altar of Makhleb.
 32836 | D:15     | Learned a level 4 spell: Summon Lightning Spire
 33260 | Snake:2  | Reached skill level 5 in Ice Magic
 33986 | Snake:2  | Reached skill level 1 in Shields
 34155 | D:13     | You paid a toll of 6 scrolls of fog to enter a treasure
                  | trove
 34156 | Trove    | Entered a treasure trove
 34161 | Trove    | Found the ring of the Hare {EV+10}
 34185 | Trove    | Identified the ring of Patience {rN+ Str+9 Slay-2 SInv}
 34186 | Trove    | Identified the ring "Sebb" {rN+ Will++ EV+5 Int-3 Stlth+}
 34696 | Snake:3  | Reached skill level 5 in Evocations
 34877 | Snake:3  | Reached skill level 10 in Conjurations
 35116 | Snake:3  | Reached skill level 17 in Spellcasting
 35934 | Snake:3  | Received a gift from Sif Muna
 35939 | Snake:3  | Got Sode Fag's Volume of Bombardment {god gift}
 36663 | Snake:4  | Entered Level 4 of the Snake Pit
 36663 | Snake:4  | Found Rydaamush's Antique Armour Shoppe.
 36669 | Snake:4  | Noticed Kirke
 36672 | Snake:4  | Killed Kirke
 37073 | Snake:4  | Found a transporter.
 37078 | Snake:4  | Found a transporter.
 37078 | Snake:4  | Noticed Osket's ghost (adept DEEE)
 37261 | Snake:4  | Reached XP level 18. HP: 102/102 MP: 39/39
 37624 | Snake:4  | Noticed a quicksilver dragon
 37624 | Snake:4  | Noticed a quicksilver dragon
 37635 | Snake:4  | Killed a quicksilver dragon
 37636 | Snake:4  | Killed a quicksilver dragon
 37838 | Snake:4  | Got a serpentine rune of Zot
 38075 | Snake:4  | Noticed Vashnia
 38079 | Snake:4  | Killed Vashnia
 38853 | Elf:1    | Learned a level 6 spell: Iron Shot
 39931 | Elf:1    | Noticed a deep elf blademaster
 39989 | Elf:1    | Killed a deep elf blademaster
 39989 | Elf:1    | Noticed a deep elf master archer
 39993 | Elf:1    | Killed a deep elf master archer
 40011 | Elf:1    | Received a gift from Sif Muna
 40152 | Elf:1    | Got the Catalogue of the Flock
 40849 | Elf:2    | Reached skill level 1 in Earth Magic
 40857 | Elf:2    | Reached skill level 18 in Spellcasting
 41109 | Elf:2    | Found Ygusipn's Weapon Boutique.
 41420 | Elf:2    | Reached XP level 19. HP: 107/107 MP: 41/41
 41470 | Elf:2    | Identified the +5 falchion of Honesty {drain, rC+}
 41849 | Elf:2    | Found a runed translucent gate.
 41851 | Elf:2    | Found a runed translucent gate.
 41856 | Elf:2    | Found a runed translucent gate.
 41883 | Elf:2    | Noticed Azrael
 42127 | Elf:2    | Killed Azrael
 42274 | Elf:2    | Reached skill level 1 in Translocations
 42274 | Elf:2    | Reached skill level 1 in Air Magic
 42511 | Elf:2    | Noticed Jorgrun
 42540 | Elf:2    | Killed Jorgrun
 42827 | Elf:2    | Received a gift from Sif Muna
 42828 | Elf:2    | Got Mefuot's Textbook on Forms {god gift}
 43141 | Elf:3    | Entered Level 3 of the Elven Halls
 43343 | Elf:3    | Noticed Louise
 43353 | Elf:3    | Noticed Bai Suzhen
 43402 | Elf:3    | Killed Louise
 43433 | Elf:3    | Killed Bai Suzhen
 43540 | Elf:3    | Noticed Rrauwl's ghost (adept MiMo)
 43550 | Elf:3    | Found a transporter.
 43569 | Elf:3    | Found a transporter.
 43785 | Elf:3    | Reached skill level 5 in Earth Magic
 44558 | Elf:3    | Reached skill level 19 in Spellcasting
 44676 | Elf:3    | Reached XP level 20. HP: 99/113 MP: 22/43
 45317 | Elf:3    | Identified the amulet of Qarus Nuits {Spirit Int+4}
 45333 | Elf:3    | Got the Guidebook on Friendly Poisoning
 45337 | Elf:3    | Identified the +7 short sword "Gafut" {drain, rC+}
 45345 | Elf:3    | Identified the +0 chain mail of Eqokli {rPois rN+}
 45568 | Elf:3    | Received a gift from Sif Muna
 45591 | Elf:3    | Killed Rrauwl's ghost
 45604 | Elf:3    | Learned a level 6 spell: Dispersal
 45612 | Elf:3    | Got Sif Muna's Handbook of Subzero Unholy Mysteries {god
                  | gift}
 45620 | Elf:3    | Identified the +2 helmet "Vampuos" {rN+ Int+3}
 45950 | Swamp:1  | Entered Level 1 of the Swamp
 46339 | Swamp:1  | Reached skill level 5 in Dodging
 46572 | Swamp:1  | You fall into a shaft and drop 1 floor!
 46801 | Swamp:2  | Noticed Donald
 46813 | Swamp:2  | Killed Donald
 48108 | Swamp:3  | Reached skill level 10 in Invocations
 48470 | Swamp:3  | Received a gift from Sif Muna
 48473 | Swamp:3  | Got Sif Muna's Catalogue of the Sixfirhy {god gift}
 48697 | Swamp:3  | Identified the amulet of Bunot {Faith Dex+4 Stlth+}
 48759 | Swamp:4  | Entered Level 4 of the Swamp
 48759 | Swamp:4  | Noticed Mlioglotl
 48768 | Swamp:4  | Killed Mlioglotl
 49800 | Swamp:4  | Reached XP level 21. HP: 117/117 MP: 17/44
 50540 | Swamp:4  | Got a decaying rune of Zot
 50954 | Vaults:1 | Entered Level 1 of the Vaults
 51019 | Vaults:1 | Received a gift from Sif Muna
 51020 | Vaults:1 | Got Sif Muna's Compilation of Assembling and Bodies {god
                  | gift}
 51487 | Vaults:1 | Reached skill level 20 in Spellcasting
 51819 | Vaults:1 | Learned a level 7 spell: Ozocubu's Refrigeration
 52759 | Vaults:2 | Received a gift from Sif Muna
 52824 | Vaults:2 | Reached skill level 5 in Translocations
 55112 | Vaults:3 | Received a gift from Sif Muna
 55121 | Vaults:3 | Learned a level 3 spell: Swiftness
 55443 | Vaults:3 | Found Siumyket's Distillery.
 55448 | Vaults:3 | Bought 2 potions of ambrosia for 160 gold pieces
 55448 | Vaults:3 | Bought 2 potions of resistance for 200 gold pieces
 55448 | Vaults:3 | Bought a potion of brilliance for 40 gold pieces
 55448 | Vaults:3 | Bought a potion of curing for 30 gold pieces
 55448 | Vaults:3 | Bought a potion of curing for 30 gold pieces
 55764 | Vaults:3 | Reached XP level 22. HP: 123/123 MP: 31/46
 56505 | Vaults:3 | Found a staircase to the Crypt.
 56512 | Vaults:3 | Identified the +8 flail of Discord {flame, Dex+2}
 56839 | Vaults:3 | Received a gift from Sif Muna
 56840 | Vaults:3 | Got Sif Muna's Folio of Combat Magic {god gift}
 57094 | Vaults:3 | Learned a level 4 spell: Iskenderun's Mystic Blast
 57959 | Vaults:4 | Noticed Jory
 58570 | Vaults:4 | Killed Jory
 59166 | Vaults:4 | Identified the +2 halberd "Fait" {vamp, rN++}
 59751 | Vaults:5 | Entered Level 5 of the Vaults
 59751 | Vaults:5 | Noticed Saint Roka
 59765 | Vaults:5 | Noticed a golden dragon
 59770 | Vaults:5 | Reached skill level 10 in Ice Magic
 59774 | Vaults:5 | Killed a golden dragon
 59939 | Vaults:5 | Received a gift from Sif Muna
 59943 | Vaults:5 | Reached skill level 21 in Spellcasting
 59948 | Vaults:5 | Killed Saint Roka
 59949 | Vaults:5 | Reached XP level 23. HP: 105/128 MP: 6/48
 59958 | Vaults:5 | Noticed a golden dragon
 59976 | Vaults:5 | Killed a golden dragon
 60067 | Vaults:5 | Reached skill level 1 in Poison Magic
 60069 | Vaults:5 | Noticed an ancient lich
 60069 | Vaults:5 | Identified the amulet "Wiafayps" {RegenMP Rampage rC++
                  | Stlth+}
 60075 | Vaults:5 | Noticed a golden dragon
 60077 | Vaults:5 | Received a gift from Sif Muna
 60078 | Vaults:5 | Killed an ancient lich
 60079 | Vaults:5 | Reached skill level 10 in Dodging
 60079 | Vaults:5 | Got Sif Muna's Teachings on Fulgent Vapour {god gift}
 60084 | Vaults:5 | Killed a golden dragon
 60339 | Vaults:5 | Noticed a dread lich
 60343 | Vaults:5 | Killed a dread lich
 60453 | Vaults:5 | Got Sif Muna's Precepts of Petrified Conflict {god gift}
 60459 | Vaults:5 | Noticed Sojobo
 60467 | Vaults:5 | Killed Sojobo
 60561 | Vaults:5 | Identified the +1 chain mail "Vucaaku" {Rampage}
 60918 | Vaults:5 | Identified the +1 whip "Galum" {venom, Int+3 Stlth+}
 61266 | Vaults:5 | Identified the +3 buckler of the Realm of Zot {rPois Dex-3
                  | Slay+5 SInv}
 61391 | Vaults:5 | Got a silver rune of Zot
 62066 | Depths:1 | Entered Level 1 of the Depths
 62070 | Depths:1 | Received a gift from Sif Muna
 62071 | Depths:1 | Reached XP level 24. HP: 128/135 MP: 30/48
 62172 | Depths:1 | Got Sif Muna's Anthology of Destined Mustering {god gift}
 62248 | Depths:1 | Identified the +3 long sword of Accord {drain, Will+ Int+4
                  | Dex+2}
 62449 | Depths:1 | Noticed Asterion
 62457 | Depths:1 | Killed Asterion
 62682 | Depths:1 | Found a gateway to Hell.
 62921 | Depths:2 | Found Curuah's Demolitions Depot.
 62931 | Depths:2 | Found a runed translucent door.
 63176 | Depths:2 | You fall into a shaft and drop 1 floor!
 63310 | Depths:3 | Identified the +4 shortbow of Blood {antimagic, +Blink}
 63326 | Depths:3 | Reached skill level 22 in Spellcasting
 64054 | Depths:3 | Noticed Parghit
 64083 | Depths:2 | Noticed a juggernaut
 64083 | Depths:2 | Noticed a caustic shrike
 64166 | Depths:2 | Killed a caustic shrike
 64411 | Depths:2 | Killed a juggernaut
 64411 | Depths:2 | Identified the ring of Bafex {rElec rN++ Str-5 Int+6 Dex+2}
 64736 | Depths:2 | Found Gozag's Platinum Reserve.
 64739 | Depths:2 | Found an opulent altar of Gozag.
 64793 | Depths:2 | Found a runed translucent door.
 64794 | Depths:2 | Noticed a caustic shrike
 64794 | Depths:2 | Found a runed translucent door.
 64816 | Depths:2 | Found a one-way gate leading to the halls of Pandemonium.
 64818 | Depths:2 | Reached XP level 25. HP: 140/140 MP: 49/49
 64953 | Depths:2 | Identified the ring of Saptenk {rElec rCorr EV+5 Str+6
                  | Dex-3}
 64964 | Depths:2 | Identified the amulet "Udorghuox" {RegenMP rF+ Will+}
 64979 | Depths:2 | Identified the ring of Piorrimm {+Blink rF+ rC- Str+6
                  | Int+4}
 65169 | Depths:3 | Found a corrupted altar of Lugonu.
 65174 | Depths:3 | Found a one-way gate to the infinite horrors of the Abyss.
 65188 | Depths:3 | Killed Parghit
 65573 | Depths:3 | Found a one-way gateway to a ziggurat.
 65875 | Depths:4 | Entered Level 4 of the Depths
 65916 | Depths:4 | Found a flickering gateway to a bazaar.
 65962 | Bazaar   | Entered a bazaar
 65967 | Bazaar   | Found Zoocvyt's Antique Weapon Boutique.
 65968 | Bazaar   | Found Wekucsy's Book Shop.
 65988 | Bazaar   | Found Loikexk Gaes's Weapon Emporium.
 65988 | Bazaar   | Found Meubilos's Antique Armour Shoppe.
 66018 | Bazaar   | Found Xopp's Armour Shop.
 66070 | Bazaar   | Found Xulec's Antique Armour Boutique.
 66089 | Bazaar   | Bought the +1 flail of the Horn {freeze, rElec Will- Str+2
                  | Int+8} for 799 gold pieces
 66727 | Depths:4 | Received a gift from Sif Muna
 66744 | Depths:4 | Found a gate to the Realm of Zot.
 67492 | Depths:4 | Learned a level 9 spell: Fire Storm
 68298 | Hell     | Entered the Vestibule of Hell
 68300 | Hell     | Noticed Geryon
 68314 | Hell     | Reached skill level 15 in Conjurations
 68343 | Hell     | Killed Geryon
 68619 | Hell     | Reached skill level 15 in Invocations
 68733 | Hell     | Found a gateway to the decaying netherworld of Tartarus.
 68769 | Hell     | Found a gateway to the ashen valley of Gehenna.
 68870 | Hell     | Found a gateway to the freezing wastes of Cocytus.
 69096 | Hell     | Found a gateway to the Iron City of Dis.
 69203 | Tar:1    | Entered Level 1 of Tartarus
 69565 | Crypt:1  | Entered Level 1 of the Crypt
 69570 | Crypt:1  | Reached skill level 23 in Spellcasting
 69850 | Crypt:1  | Received a gift from Sif Muna
 70955 | Crypt:1  | Reached XP level 26. HP: 145/145 MP: 50/50
 71296 | Crypt:2  | Noticed Xtahua
 71303 | Crypt:2  | Killed Xtahua
 71617 | Crypt:2  | Received a gift from Sif Muna
 71629 | Crypt:2  | Got Sif Muna's Precepts of the Mortuary Torch {god gift}
 71980 | Crypt:2  | Reached skill level 5 in Shields
 72257 | Crypt:3  | Entered Level 3 of the Crypt
 72893 | Crypt:3  | Noticed Grunn
 72897 | Crypt:3  | Killed Grunn
 73330 | Crypt:3  | Found a staircase to the Tomb.
 73388 | Crypt:3  | Identified the +11 glaive of Clean Honour {spect, SInv
                  | Stlth+}
 73399 | Crypt:3  | Received a gift from Sif Muna
 73662 | Crypt:3  | Upgraded the game from 0.30-a0-721-ga6a225cb13 to
                  | 0.30-a0-722-g3e6e8c874d
 73667 | Crypt:3  | Found an ancient bone altar of Kikubaaqudgha.
 73669 | Crypt:3  | Found a basalt altar of Yredelemnul.
 73715 | Crypt:3  | Got the Volume of Resurrection
 75162 | Zig:1    | Entered Level 1 of a ziggurat
 75181 | Zig:2    | Entered Level 2 of a ziggurat
 75189 | Zig:2    | Identified the +1 ring mail of Immorality {rCorr Stlth+}
 75190 | Zig:2    | Identified the +9 falchion "Tamoecw" {freeze, rElec rC++
                  | Dex+6}
 75204 | Zig:3    | Entered Level 3 of a ziggurat
 75220 | Zig:4    | Entered Level 4 of a ziggurat
 75235 | Zig:4    | Reached skill level 10 in Translocations
 75312 | Zig:5    | Entered Level 5 of a ziggurat
 75316 | Zig:5    | Noticed a Killer Klown
 75317 | Zig:5    | Noticed a Killer Klown
 75318 | Zig:5    | Killed a Killer Klown
 75319 | Zig:5    | Killed a Killer Klown
 75348 | Zig:6    | Entered Level 6 of a ziggurat
 75354 | Zig:6    | Noticed an ancient lich
 75358 | Zig:6    | Killed an ancient lich
 75376 | Zig:6    | Identified the ring "Laesady" {Str+6 Int+2}
 75403 | Zig:7    | Entered Level 7 of a ziggurat
 75413 | Zig:7    | Reached skill level 24 in Spellcasting
 75421 | Zig:7    | Identified the +1 flail "Imaek" {flame, Str+3 Int+3}
 75425 | Zig:7    | Reached XP level 27. HP: 142/151 MP: 37/51
 75432 | Zig:7    | Identified the ring of Xoschutia {Str+6 Int+3 Dex+4}
 75462 | Zig:8    | Entered Level 8 of a ziggurat
 75491 | Zig:8    | Acquired a manual of Fighting
 75499 | Zig:8    | Acquired the +5 buckler "Pideyt" {rPois rC+ Regen+}
 75554 | Zig:9    | Entered Level 9 of a ziggurat
 75561 | Zig:9    | Noticed a royal mummy
 75561 | Zig:9    | Noticed a royal mummy
 75561 | Zig:9    | Found the +11 plutonium sword {Contam Stlth-}
 75562 | Zig:9    | Received a gift from Sif Muna
 75563 | Zig:9    | Killed a royal mummy
 75563 | Zig:9    | Killed a royal mummy
 75670 | Zig:9    | Identified the +2 plate armour "Cuxkufrowo" {rCorr Int+2
                  | Dex-3}
 75708 | Zig:10   | Entered Level 10 of a ziggurat
 75717 | Zig:10   | Noticed a juggernaut
 75720 | Zig:10   | Killed a juggernaut
 75746 | Zig:10   | Identified the ring of Fuawk {AC+4 Str+3 Int+2 Stlth-}
 75777 | Zig:10   | Identified the +7 scimitar "Gilalag" {freeze, Dex+3}
 75793 | Zig:11   | Entered Level 11 of a ziggurat
 75897 | Zig:11   | Identified the +0 ring mail of the Lair of Beasts {rPois
                  | rC+ Str-4 Int+3}
 75898 | Zig:11   | Identified the amulet "Ybip Voi" {Faith rF+ Str+3}
 75900 | Zig:11   | Identified the +10 flail of Extremism {freeze, rN+ rCorr
                  | Str-2}
 75923 | Zig:12   | Entered Level 12 of a ziggurat
 75937 | Zig:12   | Received a gift from Sif Muna
 75938 | Zig:12   | Got Seitzuw's Folio of Sparks and Unholy Deeds {god gift}
 76087 | Zig:12   | Found the +7 sceptre of Torment {pain, torment}
 76092 | Zig:12   | Identified the +3 long sword "Impslayer" {heavy, Stlth+}
 76173 | Zig:12   | Learned a level 8 spell: Lehudib's Crystal Spear
 76174 | Zig:13   | Entered Level 13 of a ziggurat
 76353 | Zig:14   | Entered Level 14 of a ziggurat
 76423 | Zig:14   | Received a gift from Sif Muna
 76496 | Zig:14   | Got Sif Muna's Papyrus of Inconstant Adjuration {god gift}
 76536 | Zig:14   | Identified the +6 shortbow "Xiazefos" {heavy, Str+3}
 76539 | Zig:14   | Identified the +11 rapier of Objectivity {heavy, Int+3}
 76552 | Zig:14   | Identified the +1 robe of Vuppecly {Int+2 Dex+5}
 76589 | Zig:15   | Entered Level 15 of a ziggurat
 76625 | Zig:15   | Reached ****** piety under Sif Muna
 76765 | Zig:15   | Identified the ring "Pyenodar" {Ice rPois rCorr}
 76771 | Zig:15   | Identified the ring of the Battered Souls {Str+2 Dex+6}
 76784 | Zig:16   | Entered Level 16 of a ziggurat
 76819 | Zig:16   | Found the amulet of the Four Winds {rN+ Will+++ Clar}
 77032 | Zig:17   | Entered Level 17 of a ziggurat
 77115 | Zig:17   | Reached skill level 25 in Spellcasting
 77256 | Zig:17   | Identified the +6 sling "Cawyorem" {heavy, rN+ Int-2 SInv}
 77274 | Zig:17   | Identified the +1 helmet of Zemar {SInv}
 77339 | Zig:18   | Entered Level 18 of a ziggurat
 77498 | Zig:18   | Identified the ring of the Lotus Blossom {Drain rF+ Int+6
                  | Dex+3 Stlth+}
 77504 | Zig:18   | Identified the amulet "Nuiken" {RegenMP Fragile rC+ Dex+2}
 77515 | Zig:18   | Identified the +6 short sword of Tebiwn {flame, *Slow rF++
                  | Int+2}
 77519 | Zig:18   | Identified the ring of Zottaoq {rC+ Str+3 Stlth+}
 77521 | Zig:18   | Identified the +5 scale mail "Xugiafuuf" {MP+9 Str+3 Dex-2
                  | SInv}
 77812 | Slime:1  | Entered Level 1 of the Pits of Slime
 78108 | Slime:2  | Noticed Dissolution
 78190 | Slime:2  | Paralysed by a floating eye for 4 turns
 78196 | Slime:2  | Killed Dissolution
 79797 | Slime:5  | Entered Level 5 of the Pits of Slime
 79817 | Slime:5  | Noticed the Royal Jelly
 80072 | Slime:5  | Killed the Royal Jelly
 80233 | Slime:5  | Found the +12 pair of quick blades "Gyre" and "Gimble"
                  | {protect}
 80314 | Slime:5  | Identified the +3 great sword of Tyev {freeze, rC+ Dex+3}
 80369 | Slime:5  | Got a slimy rune of Zot
 80380 | Slime:5  | Identified the +2 leather armour of Negation {Dex+3}
 80458 | Slime:5  | Identified the +9 longbow of Ninkikeff {heavy, Str+2 Int+2
                  | Dex+4}
 80744 | Slime:4  | Reached skill level 10 in Earth Magic
 80910 | Slime:4  | Learned a level 8 spell: Disjunction
 80923 | Slime:4  | Learned a level 9 spell: Polar Vortex
 81808 | Tomb:1   | Entered Level 1 of the Tomb of the Ancients
 83414 | Tomb:1   | Noticed a royal mummy
 83419 | Tomb:1   | Killed a royal mummy
 83437 | Tomb:1   | Noticed a royal mummy
 83441 | Tomb:1   | Killed a royal mummy
 83444 | Tomb:1   | Noticed a royal mummy
 83477 | Tomb:1   | Killed a royal mummy
 84388 | Tomb:2   | Noticed a royal mummy
 84396 | Tomb:2   | Killed a royal mummy
 84399 | Tomb:2   | Noticed a royal mummy
 84405 | Tomb:2   | Killed a royal mummy
 84406 | Tomb:2   | Reached skill level 26 in Spellcasting
 84416 | Tomb:2   | Noticed a royal mummy
 84417 | Tomb:2   | Noticed a royal mummy
 84422 | Tomb:2   | Killed a royal mummy
 84423 | Tomb:2   | Killed a royal mummy
 84423 | Tomb:2   | Noticed a royal mummy
 84427 | Tomb:2   | Noticed a royal mummy
 84428 | Tomb:2   | Killed a royal mummy
 84428 | Tomb:2   | Noticed Khufu
 84432 | Tomb:2   | Killed Khufu
 84432 | Tomb:2   | Killed a royal mummy
 84433 | Tomb:2   | Reached skill level 15 in Shields
 84458 | Tomb:2   | Noticed a royal mummy
 84461 | Tomb:2   | Killed a royal mummy
 85135 | Tomb:1   | Noticed a royal mummy
 85140 | Tomb:1   | Killed a royal mummy
 85147 | Tomb:1   | Noticed a royal mummy
 85150 | Tomb:1   | Killed a royal mummy
 85217 | Tomb:1   | Noticed a royal mummy
 85220 | Tomb:1   | Killed a royal mummy
 85240 | Tomb:1   | Noticed a royal mummy
 85243 | Tomb:1   | Killed a royal mummy
 85407 | Tomb:1   | Noticed a royal mummy
 85408 | Tomb:1   | Identified the +7 rapier of Tiabovul {heavy, Str+4}
 85408 | Tomb:1   | Noticed a royal mummy
 85411 | Tomb:1   | Killed a royal mummy
 85412 | Tomb:1   | Killed a royal mummy
 85516 | Tomb:1   | Noticed a royal mummy
 85519 | Tomb:1   | Killed a royal mummy
 85640 | Tomb:1   | Noticed a royal mummy
 85647 | Tomb:1   | Killed a royal mummy
 85670 | Tomb:1   | Noticed a royal mummy
 85673 | Tomb:1   | Killed a royal mummy
 85710 | Tomb:1   | Noticed a royal mummy
 85715 | Tomb:1   | Killed a royal mummy
 85733 | Tomb:1   | Noticed a royal mummy
 85738 | Tomb:1   | Noticed a royal mummy
 85740 | Tomb:1   | Killed a royal mummy
 85743 | Tomb:1   | Killed a royal mummy
 85840 | Tomb:1   | Noticed a royal mummy
 85847 | Tomb:1   | Killed a royal mummy
 85951 | Tomb:1   | Noticed a royal mummy
 85956 | Tomb:1   | Killed a royal mummy
 86044 | Tomb:1   | Noticed a royal mummy
 86051 | Tomb:1   | Killed a royal mummy
 86088 | Tomb:1   | Noticed a royal mummy
 86097 | Tomb:1   | Killed a royal mummy
 86169 | Tomb:1   | Noticed a royal mummy
 86177 | Tomb:1   | Killed a royal mummy
 86355 | Tomb:1   | Noticed a royal mummy
 86360 | Tomb:1   | Killed a royal mummy
 86374 | Tomb:1   | Noticed a royal mummy
 86387 | Tomb:1   | Killed a royal mummy
 86553 | Tomb:1   | Noticed a royal mummy
 86554 | Tomb:1   | Noticed a royal mummy
 86556 | Tomb:1   | Killed a royal mummy
 86556 | Tomb:1   | Killed a royal mummy
 87053 | Tomb:3   | Entered Level 3 of the Tomb of the Ancients
 87057 | Tomb:3   | Noticed a royal mummy
 87057 | Tomb:3   | Noticed a royal mummy
 87057 | Tomb:3   | Noticed a royal mummy
 87058 | Tomb:3   | Reached skill level 15 in Ice Magic
 87064 | Tomb:3   | Noticed Boris
 87066 | Tomb:3   | Noticed a royal mummy
 87066 | Tomb:3   | Noticed a royal mummy
 87067 | Tomb:3   | Noticed a royal mummy
 87070 | Tomb:3   | Killed Boris
 87071 | Tomb:3   | Killed a royal mummy
 87071 | Tomb:3   | Killed a royal mummy
 87072 | Tomb:3   | Killed a royal mummy
 87072 | Tomb:3   | Killed a royal mummy
 87072 | Tomb:3   | Killed a royal mummy
 87072 | Tomb:3   | Noticed a royal mummy
 87072 | Tomb:3   | Noticed a royal mummy
 87076 | Tomb:3   | Killed a royal mummy
 87081 | Tomb:3   | Noticed a royal mummy
 87081 | Tomb:3   | Killed a royal mummy
 87086 | Tomb:3   | Killed a royal mummy
 87089 | Tomb:3   | Killed a royal mummy
 87259 | Tomb:3   | Got a golden rune of Zot
 87289 | Tomb:3   | Found the +3 giant club "Skullcrusher" {speed, Str+7}
 87291 | Tomb:3   | Found the macabre finger necklace {Finger+ rN+}
 87293 | Tomb:3   | Found the +6 lightning scales {swift, rElec}
 87310 | Tomb:3   | Identified the +4 glaive of Ash {heavy, rF+ rC+ Will-}
 87370 | Tomb:3   | Identified the ring "Laly" {rF+ Str+6 Int-2 Dex+4}
 87372 | Tomb:3   | Identified the +1 falchion of the Abyss {flame, Str-4
                  | Int+5}
 87375 | Tomb:3   | Identified the +0 robe "Tiefylla" {rN++}
 87390 | Tomb:3   | Identified the +7 quarterstaff "Dueblyb" {freeze, Will++}
 87582 | Tomb:3   | Identified the +5 glaive "Yleunog" {spect, rElec rPois}
 88285 | Geh:1    | Entered Level 1 of Gehenna
 89498 | Geh:3    | Reached skill level 15 in Translocations
 89741 | Coc:1    | Entered Level 1 of Cocytus
 91178 | Dis:1    | Entered Level 1 of the Iron City of Dis
 91644 | Zig:1    | Entered Level 1 of a ziggurat
 91664 | Zig:2    | Entered Level 2 of a ziggurat
 91701 | Zig:3    | Entered Level 3 of a ziggurat
 91741 | Zig:4    | Entered Level 4 of a ziggurat
 91771 | Zig:5    | Entered Level 5 of a ziggurat
 91855 | Zig:6    | Entered Level 6 of a ziggurat
 91860 | Zig:6    | Noticed a royal mummy
 91863 | Zig:6    | Killed a royal mummy
 91936 | Zig:7    | Entered Level 7 of a ziggurat
 92023 | Zig:8    | Entered Level 8 of a ziggurat
 92028 | Zig:8    | Found the +3 salamander hide armour {Flames, rFlCloud rF++
                  | rC--}
 92059 | Zig:8    | Identified the +8 lajatang "Vyxuelui" {pain, rElec rF++ rC+
                  | Int-4}
 92066 | Zig:8    | Identified the ring of Ephemeral Luck {rN+ Will+ Int+2
                  | Dex-2 Slay+3}
 92082 | Zig:9    | Entered Level 9 of a ziggurat
 92160 | Zig:10   | Entered Level 10 of a ziggurat
 92167 | Zig:10   | Noticed a dread lich
 92170 | Zig:10   | Killed a dread lich
 92225 | Zig:10   | Identified the ring of Mistrust {*Corrode +Blink rN+ Dex+2}
 92262 | Zig:11   | Entered Level 11 of a ziggurat
 92313 | Zig:11   | Identified the amulet "Dituotemea" {Regen+ Int+3}
 92322 | Zig:11   | Identified the ring "Rewko" {Fly rC+ Int+4}
 92328 | Zig:12   | Entered Level 12 of a ziggurat
 92350 | Zig:12   | Noticed a dread lich
 92350 | Zig:12   | Noticed an ancient lich
 92354 | Zig:12   | Killed an ancient lich
 92354 | Zig:12   | Killed a dread lich
 92357 | Zig:12   | Noticed a dread lich
 92361 | Zig:12   | Killed a dread lich
 92362 | Zig:12   | Reached skill level 15 in Dodging
 92420 | Zig:12   | Identified the +1 plate armour "Pomnuih" {rC+}
 92421 | Zig:12   | Identified the +8 short sword of Zesofyt {holy, rPois rF+
                  | rCorr}
 92446 | Zig:13   | Entered Level 13 of a ziggurat
 92520 | Zig:13   | Reached skill level 5 in Necromancy
 92536 | Zig:14   | Entered Level 14 of a ziggurat
 92551 | Zig:14   | Noticed a dread lich
 92553 | Zig:14   | Killed a dread lich
 92661 | Zig:14   | Identified the ring "Eqix" {Fire Dex+2}
 92668 | Zig:14   | Identified the +7 sling "Beastbane" {freeze, rF+ Stlth+}
 92671 | Zig:14   | Identified the +1 quarterstaff "Ogrebane" {flame, rC+ rN+}
 92674 | Zig:14   | Identified the +2 double sword of Duty {venom, rPois
                  | Stlth+}
 92684 | Zig:15   | Entered Level 15 of a ziggurat
 92780 | Zig:15   | Identified the +0 shortbow of Impermanence {freeze, Int+4
                  | Dex-2}
 92794 | Zig:15   | Identified the ring of Obat {rPois Will++ Dex+2 Slay+4}
 92801 | Zig:15   | Acquired a manual of Ice Magic
 92832 | Zig:16   | Entered Level 16 of a ziggurat
 92845 | Zig:16   | Noticed Meabegi the pandemonium lord
 92853 | Zig:16   | Killed Meabegi the pandemonium lord
 92918 | Zig:16   | Identified the +10 dagger of Conscience {flame, *Slow rC+
                  | Will++}
 92937 | Zig:17   | Entered Level 17 of a ziggurat
 92937 | Zig:17   | Noticed a dread lich
 92944 | Zig:17   | Killed a dread lich
 93063 | Zig:17   | Noticed a dread lich
 93071 | Zig:17   | Killed a dread lich
 93177 | Zig:17   | Identified the +8 ring mail of Cyiggol {Harm Dex+6}
 93197 | Zig:17   | Reached skill level 10 in Hexes
 93198 | Zig:17   | Identified the +1 plate armour "Loxejiz" {+Inv}
 93213 | Zig:18   | Entered Level 18 of a ziggurat
 93230 | Zig:18   | Noticed a royal mummy
 93231 | Zig:18   | Noticed a royal mummy
 93234 | Zig:18   | Killed a royal mummy
 93234 | Zig:18   | Killed a royal mummy
 93234 | Zig:18   | Noticed a royal mummy
 93234 | Zig:18   | Noticed a royal mummy
 93235 | Zig:18   | Killed a royal mummy
 93237 | Zig:18   | Killed a royal mummy
 93241 | Zig:18   | Noticed a royal mummy
 93245 | Zig:18   | Noticed a royal mummy
 93247 | Zig:18   | Killed a royal mummy
 93250 | Zig:18   | Killed a royal mummy
 93253 | Zig:18   | Noticed a royal mummy
 93259 | Zig:18   | Killed a royal mummy
 93398 | Zig:18   | Identified the ring of Beogh's Grace {Will+ SInv}
 93417 | Zig:18   | Identified the +5 arbalest of the Unseen Realm {heavy, rC-
                  | Will+ Str+6 Dex+4}
 93422 | Zig:18   | Identified the +12 plate armour "Hero's Friend" {Str+2}
 93435 | Zig:18   | Identified the +5 scale mail "Hadil" {Rampage Str+3}
 93443 | Zig:19   | Entered Level 19 of a ziggurat
 93448 | Zig:19   | Noticed a royal mummy
 93451 | Zig:19   | Noticed a royal mummy
 93452 | Zig:19   | Killed a royal mummy
 93452 | Zig:19   | Noticed a royal mummy
 93452 | Zig:19   | Noticed a royal mummy
 93455 | Zig:19   | Killed a royal mummy
 93456 | Zig:19   | Killed a royal mummy
 93456 | Zig:19   | Killed a royal mummy
 93456 | Zig:19   | Noticed a royal mummy
 93459 | Zig:19   | Killed a royal mummy
 93533 | Zig:19   | Learned a level 8 spell: Discord
 93540 | Zig:19   | Identified the amulet of Tasess {Regen+ Dex+2 SInv}
 93579 | Zig:20   | Entered Level 20 of a ziggurat
 93699 | Zig:20   | Identified the ring of Coronation {Will+ MP+9 Dex-4 SInv
                  | Stlth+}
 93711 | Zig:20   | Identified the +6 trident "Vouczuc" {heavy, Fragile rC++
                  | Str+3 Dex+3}
 93725 | Zig:21   | Entered Level 21 of a ziggurat
 93832 | Zig:21   | Found the dreamshard necklace {*Dream Drain}
 93868 | Zig:21   | Identified the +0 buckler of Moral Flaws {-Tele rN+ Str+3}
 93869 | Zig:21   | Identified the +1 robe "Nediw" {Str+2}
 93870 | Zig:21   | Identified the +1 dagger "Faecu" {flame, rC- rN++ Dex+6}
 93872 | Zig:21   | Identified the amulet "Aluxeseg" {Acrobat rElec rPois rC+}
 93881 | Zig:21   | Identified the +2 cloak of the Fae God {*Corrode Regen+
                  | Str+3 Dex+5}
 93887 | Zig:21   | Identified the +1 plate armour "Ybbein" {rPois rC- Regen+
                  | Stlth+}
 93888 | Zig:21   | Identified the ring of Paranoia {rElec rCorr Str+6}
 93905 | Zig:22   | Entered Level 22 of a ziggurat
 93930 | Zig:22   | Noticed an ancient lich
 93932 | Zig:22   | Killed an ancient lich
 94149 | Zig:22   | Identified the +6 shortbow of the Jumping Pill Bug {flame,
                  | rElec rC- Dex+3}
 94171 | Zig:22   | Identified the +2 quick blade of Wyrd {heavy, *Noise rF+
                  | rCorr SInv}
 94205 | Zig:23   | Entered Level 23 of a ziggurat
 94216 | Zig:23   | Noticed an ancient lich
 94222 | Zig:23   | Killed an ancient lich
 94224 | Zig:23   | Noticed an ancient lich
 94241 | Zig:23   | Noticed an ancient lich
 94242 | Zig:23   | Killed an ancient lich
 94243 | Zig:23   | Killed an ancient lich
 94248 | Zig:23   | Noticed a dread lich
 94253 | Zig:23   | Killed a dread lich
 94449 | Zig:23   | Identified the +8 arbalest of Qiyxkist {penet, rN++ Int-4
                  | Dex+6}
 94463 | Zig:23   | Identified the +12 war axe of Fuoh {freeze, Will+ Dex+3
                  | Stlth+}
 94473 | Zig:23   | Identified the +7 quarterstaff "Omasso Sitz" {drain, rPois
                  | Str+3}
 94550 | Zig:23   | Learned a level 9 spell: Chain Lightning
 94551 | Zig:24   | Entered Level 24 of a ziggurat
 94573 | Zig:24   | Reached skill level 5 in Air Magic
 94791 | Zig:24   | Found the +5 consecrated labrys {holy, Valiant Fragile Fly
                  | SInv}
 94817 | Zig:24   | Identified the +4 battleaxe of Kismet {freeze, Contam
                  | Dex+5}
 94827 | Zig:24   | Identified the +2 halberd "Xeammeinibb" {venom, rPois
                  | Dex+5}
 94842 | Zig:24   | Identified the +4 rapier "Umo Kusi" {heavy, rC+ Int+5}
 94849 | Zig:24   | Reached skill level 10 in Air Magic
 94898 | Zig:25   | Entered Level 25 of a ziggurat
 95111 | Zig:25   | Identified the ring of Nafomi {Fly Str+6}
 95127 | Zig:25   | Identified the amulet of Jealousy {RegenMP Fragile rPois
                  | rF+}
 95130 | Zig:25   | Identified the +7 plate armour "Xymoosu" {rC+++ Regen+
                  | rCorr Str-3}
 95149 | Zig:25   | Identified the +6 morningstar "Suskirghu" {vamp, Fragile
                  | rElec Str+4}
 95162 | Zig:26   | Entered Level 26 of a ziggurat
 95397 | Zig:26   | Identified the ring "Qyelum" {rN+ MP+9 Int+2 Dex+6}
 95405 | Zig:26   | Identified the +3 whip of Ravage {freeze, Str+3 Int+3 SInv}
 95408 | Zig:26   | Identified the amulet "Voymeppe" {Faith Fly rC- rN++}
 95452 | Zig:26   | Identified the ring of Wotuh {Int+7 Dex+6}
 95458 | Zig:26   | Identified the +3 plate armour of Death's Door {rElec}
 95480 | Zig:27   | Entered Level 27 of a ziggurat
 95522 | Zig:27   | HP: 5/132 [salamander tyrant/flame surge (21)]
 95523 | Zig:27   | Killed from afar by a shock serpent

Illustrated notes

Levels and vault maps discovered:
D:1:      dpeg_arrival_court, layout_loops_ring, dk_noncrumbling_4
D:2:      layout_rooms, shapermc_ecumenical_altar_flowoftime, basic_altar,
          uniq_natasha
D:3:      layout_basic
D:4:      layout_rooms, mainiacjoe_overflow_alcove_1,
          nicolae_overflow_hidden_temple, mainiacjoe_overflow_alcove_2,
          minmay_temple_entry_gardened_gates, uniq_grinder
D:5:      layout_basic, due_unseen_surprise
D:6:      layout_basic, uniq_edmund
D:7:      layout_rooms, mainiacjoe_overflow_small_starburst, uniq_joseph
D:8:      layout_loops_ring, nicolae_ashenzari_panopticon, minmay_between,
          uniq_maurice, uniq_maggie
D:9:      minmay_chambers_of_sixes, layout_cave_pools,
          minmay_orc_entry_guard_dogs, mrwooster_statue_mirror
D:10:     layout_irregular_city, enter_bailey_4
D:11:     layout_roguey, david_lair_shrubbed, gammafunk_ghost_stat_death
D:12:     layout_basic, grunt_decor_mini_mirrors
D:13:     nicolae_cairo_tiling, layout_grid_maze,
          nicolae_trove_entry_free_sample, ebering_ghost_xom,
          nicolae_splish_splash
D:14:     layout_basic, david_vaults_1
D:15:     hangedman_depths_entry_try_elsewhere_first, layout_irregular_city,
          fedhas_altar_2, makhleb_altar_promises_db
Temple:   nicolae_temple_bog_church
Lair:1:   layout_regular_city, uniq_urug
Lair:2:   layout_misc_corridors, nicolae_swamp_entry_splash_gauntlet,
          minmay_snake_entry_guardpost_medium, serial_bayou_lagoon_a,
          dreamdust_mushroom_princess, serial_bayou_ford_a, beast_lair_carwin_11
Lair:3:   layout_cave_pods
Lair:4:   layout_regular_city, chequers_serial_rivers_large_a,
          nicolae_quartered_pool_impasse, lemuel_oklob_altar, uniq_josephine
Lair:5:   guppyfry_lair_end_dragon, layout_small_grid,
          hangedman_lair_caniforms_friends, slime_entry_2, dreamdust_wasp_nest
Swamp:1:  nicolae_swamp_secret_spriggan_hideout, layout_basic_swamp,
          evilmike_swamp_ruin_house_2, infiniplex_staircase_pool
Swamp:2:  layout_basic_swamp, evilmike_swamp_ruin_house_3, swamp_pool2,
          uniq_donald
Swamp:3:  layout_basic_swamp, evilmike_swamp_ruin_rubble_2
Swamp:4:  swamp_basic_johnstein, layout_basic_swamp, uniq_mlioglotl
Snake:1:  layout_chambers, nicolae_snake_salamander_zone, minmay_shoptagon
Snake:2:  layout_misc_corridors, st_stairs_6, grunt_megastairs_5
Snake:3:  layout_onion, nicolae_snake_coiling_death
Snake:4:  hellmonk_snake_rune_quicksilver_temple, layout_layer_cave,
          serial_shops, shop, gammafunk_ghost_arena, uniq_kirke, uniq_vashnia
Slime:1:  layout_caves
Slime:2:  layout_caves, uniq_dissolution
Slime:3:  layout_caves, nicolae_slime_getting_an_eyeful
Slime:4:  nicolae_slime_jelly_donut, layout_caves
Slime:5
Orc:1:    layout_caves
Orc:2:    st_orc_ogre_mass, layout_caves, basic_altar, guppyfry_library_mini
Elf:1:    minmay_elf_arrival_summoners, layout_geoelf_octagon,
          minmay_elf_demonology, nicolae_elf_martial_mastery
Elf:2:    nicolae_elf_blades_splatter_lattice
          [nicolae_vaults_blade_armed_guards], layout_rooms, serial_shops,
          nicolae_shop_statue_plus, hangedman_corner_corridor, uniq_jorgrun,
          uniq_azrael
Elf:3:    minmay_elf_hall_four_x, layout_loops_cross,
          gammafunk_ghost_berserking_beasts, uniq_bai_suzhen, uniq_louise
Vaults:1: nicolae_vaults_stairing_the_circle, v_misc_16, vaults_room_door_hall,
          nicolae_vaults_shelves_hall, vaults_room_boxed,
          ontoclasm_vaults_hangar, nicolae_vaults_little_squares_3,
          ontoclasm_vaults_fault, vaults_dpeg_cross, layout_vaults_ring
Vaults:2: vaults_mumra_minichess_inversion, v_rooms_3, vaults_room_pools,
          vaults_room_grunt_arrival_ludios, v_misc_16, v_pattern_1,
          vaults_room_ringed_pool, grunt_vaults_twisty,
          vaults_dpeg_emergency_exit, nicolae_vaults_ring_of_whatevers,
          layout_vaults_chaotic_city
Vaults:3: ontoclasm_vaults_ligature, vaults_dpeg_diagonal,
          nicolae_vaults_mini_display_case, v_misc_12,
          minmay_crypt_entry_simple_plaza, vaults_room_semicircle, v_rooms_1,
          nicolae_vaults_network_barrier, hangedman_vaults_impose,
          vaults_dpeg_spiral, nicolae_vaults_little_squares_5,
          vaults_room_hallway, vaults_room_semicircle, st_hourglassy,
          hangedman_vaults_nodes, layout_vaults_maze, serial_shops,
          nicolae_shop_hallway_plus
Vaults:4: vaults_dpeg_ring, v_misc_23, nicolae_vaults_what_the_h,
          vaults_mumra_hexcomb, vaults_room_corners, v_misc_10,
          hangedman_vaults_impose, layout_vaults_omnigrid, uniq_jory
Vaults:5: serial_shops, uniq_saint_roka, uniq_sojobo
Crypt:1:  layout_misc_corridors, serial_co_window_serial, co_window_paths_b,
          co_window_corner_a, co_window_corner_a, co_window_paths_b,
          co_window_corner_a, co_window_paths_b, co_window_paths_b,
          co_window_corner_a, co_window_corner_a, co_window_corner_b,
          co_window_corner_b, co_window_cross_4, co_window_unsneaky_path_c,
          co_window_broadway_a, co_window_sun, glass_columns_a
Crypt:2:  layout_rooms, grunt_ministairs_5, uniq_xtahua
Crypt:3:  lightli_unholy_cathedral, layout_chaotic_city,
          nicolae_tomb_entry_unfolded_pyramid_diagonal, st_stairs_13,
          columned_hall_lemuel, lemuel_nasty_fountain, uniq_grunn, uniq_margery
Tomb:1
Tomb:2:   uniq_khufu
Tomb:3:   uniq_boris
Depths:1: layout_cave_pools, hell_entry, nrook_campfire,
          kennysheep_generic_room_3, firewood_loft, uniq_asterion
Depths:2: minmay_the_grid_triangle_9x9_rhombus_thin
          [minmay_the_grid_triangle_9x9_corrupted_corridor,
          minmay_the_grid_triangle_9x9_prize_special,
          minmay_the_grid_triangle_9x9_fully_insulated_deathbox,
          minmay_the_grid_triangle_9x9_wacky_v], layout_cave_shapes,
          chequers_serial_rivers_small_b, rand_demon_pan_entry_1, hell_entry,
          nicolae_blasting_shop, hellmonk_bongcloud_opening,
          wad_floor_pattern_untrapped, nicolae_gozag_zags_fifth_avenue,
          serial_bayou_shore_b
Depths:3: grunt_deathspiral_large, layout_cave_pools, enter_ziggurat_a,
          grunt_metal_band, abyss_entry_flame_altar, dreamdust_wishing_well,
          minmay_starry_boxes, minmay_staircase_statues, uniq_parghit
Depths:4: grunt_zot_entry_funnels, layout_cave_shapes, hell_entry,
          hangedman_decor_riveting, serial_shops, bzr_in_the_mist
Hell
Dis:1:    layout_regular_city, lemuel_mystery_crypt
Geh:1:    layout_gehenna_lava_caves
Geh:2:    layout_gehenna_lava_caves
Geh:3:    layout_gehenna_lava_caves
Geh:4:    layout_gehenna_pools_box
Coc:1:    layout_cocytus_water_paths
Coc:2:    layout_cocytus_water_paths
Coc:3:    layout_ice_bergs
Coc:4:    layout_ice_bergs
Coc:5:    layout_ice_bergs, nicolae_coc_wendigon
Tar:1:    nicolae_tar_honey_stairs, layout_cathedral_of_symmetry
Zig:27

Skill      XL: |  1  2  3  4  5  6  7  8  9 10 11 12 13 14 15 16 17 18 19 20 21 22 23 24 25 26 27 |
---------------+----------------------------------------------------------------------------------+-----
Stealth        | 3 4 5 6 7 8 |  8.6
Conjurations   | 2 3 4 5 6 7 8 9 10 11 12 13 14 15 17 22 | 22.1
Spellcasting   | 3 4 5 7 8 9 11 12 13 15 16 17 18 19 20 21 22 23 24 26 | 26.3
Fire Magic     | 4 5 6 7 8 10 12 14 15 16 17 18 19 20 21 22 24 | 24.4
Invocations    | 3 4 6 7 8 9 10 11 12 13 14 15 | 15.8
Summonings     | 1 2 3 4 6 7 |  7.0
Hexes          | 1 2 3 4 5 6 12 | 12.2
Ice Magic      | 1 2 4 6 7 9 10 11 12 24 | 24.6
Staves         | 1 2 |  2.3
Dodging        | 3 4 6 8 9 10 11 12 13 22 | 22.0
Fighting       | 1 2 3 |  3.9
Short Blades   | 1 2 |  2.5
Evocations     | 3 6 7 |  7.7
Throwing       | 1 |  1.0
Shields        | 1 2 3 4 6 22 | 22.2
Earth Magic    | 2 5 6 10 | 10.4
Translocations | 1 3 6 7 8 9 10 18 | 18.5
Air Magic      | 1 2 14 | 14.2
Poison Magic   | 1 |  1.5
Necromancy     | 6 |  6.3
Ranged Weapons | |  0.2

Action                     |  1- 3 |  4- 6 |  7- 9 | 10-12 | 13-15 | 16-18 | 19-21 | 22-24 | 25-27 || total
---------------------------+-------+-------+-------+-------+-------+-------+-------+-------+-------++-------
  Melee: Dagger            |    14 |     1 |       |       |       |       |       |       |       ||    15
         Unarmed           |     4 |       |       |       |       |       |       |       |       ||     4
         Constrict         |     5 |       |     1 |       |    10 |     5 |     9 |    15 |    33 ||    78
         Tentacles         |     3 |       |       |     2 |    13 |    22 |    18 |    43 |    88 ||   189
         Quarterstaff      |       |     1 |     4 |     2 |     9 |       |       |       |       ||    16
         Dire flail        |       |       |     1 |     3 |       |       |       |       |       ||     4
         Short sword       |       |       |       |       |    49 |    69 |    52 |   105 |       ||   275
         Punch             |       |       |       |       |       |     1 |     3 |     1 |     7 ||    12
         Staff             |       |       |       |       |       |       |    13 |       |   177 ||   190
   Fire: Shortbow          |       |       |       |       |       |    14 |       |       |       ||    14
  Throw: Dart              |       |       |       |    11 |     8 |     4 |     4 |       |     1 ||    28
   Cast: Foxfire           |    54 |    77 |   127 |   266 |   504 |   158 |    38 |    11 |    50 ||  1285
         Scorch            |       |     6 |    42 |    89 |   161 |   154 |    53 |    20 |    36 ||   561
         Inner Flame       |       |       |    17 |    32 |    29 |    32 |     4 |       |       ||   114
         Summon Small Mamm |       |       |     7 |     5 |     1 |       |       |       |       ||    13
         Flame Wave        |       |       |     2 |     8 |    50 |    15 |     2 |       |       ||    77
         Summon Guardian G |       |       |     2 |    19 |    43 |    53 |    12 |       |     4 ||   133
         Call Canine Famil |       |       |       |     6 |     9 |     3 |       |       |       ||    18
         Hailstorm         |       |       |       |     6 |    64 |    78 |    10 |     8 |    50 ||   216
         Fulminant Prism   |       |       |       |       |    24 |    15 |       |       |       ||    39
         Sticky Flame      |       |       |       |       |     2 |       |       |       |       ||     2
         Fireball          |       |       |       |       |     9 |    75 |   162 |    74 |    95 ||   415
         Ignition          |       |       |       |       |     4 |    72 |    81 |   124 |   254 ||   535
         Orb of Destructio |       |       |       |       |     3 |    62 |   201 |   178 |   412 ||   856
         Mephitic Cloud    |       |       |       |       |       |    13 |    16 |    10 |     3 ||    42
         Summon Lightning  |       |       |       |       |       |    11 |     4 |     1 |       ||    16
         Blink             |       |       |       |       |       |     9 |    17 |    15 |    32 ||    73
         Iron Shot         |       |       |       |       |       |    10 |    11 |     7 |     3 ||    31
         Dispersal         |       |       |       |       |       |     1 |     1 |     2 |     5 ||     9
         Iskenderun's Myst |       |       |       |       |       |       |       |    83 |   223 ||   306
         Ozocubu's Refrige |       |       |       |       |       |       |       |    12 |     7 ||    19
         Swiftness         |       |       |       |       |       |       |       |     2 |       ||     2
         Chain Lightning   |       |       |       |       |       |       |       |       |     3 ||     3
         Fire Storm        |       |       |       |       |       |       |       |       |   369 ||   369
         Lehudib's Crystal |       |       |       |       |       |       |       |       |    66 ||    66
         Disjunction       |       |       |       |       |       |       |       |       |     6 ||     6
         Necromutation     |       |       |       |       |       |       |       |       |     3 ||     3
         Polar Vortex      |       |       |       |       |       |       |       |       |     3 ||     3
         Discord           |       |       |       |       |       |       |       |       |     2 ||     2
         Borgnjor's Revivi |       |       |       |       |       |       |       |       |     2 ||     2
 Invoke: Channel Magic     |       |       |     1 |     6 |     4 |     4 |    13 |    18 |    78 ||   124
         Forget Spell      |       |       |       |       |       |     1 |       |     1 |       ||     2
         Divine Exegesis   |       |       |       |       |       |     1 |       |       |     7 ||     8
Ability: Evoke Blink       |       |       |       |       |     1 |     3 |       |       |       ||     4
  Evoke: Wand              |       |     1 |     2 |     3 |     1 |     2 |       |       |     4 ||    13
         Figurine of a zig |       |       |       |       |       |       |       |       |     1 ||     1
    Use: Scroll            |       |    15 |     5 |     8 |    22 |    18 |     5 |     3 |    25 ||   101
         Potion            |       |     2 |     5 |     3 |    10 |    13 |     3 |    21 |    35 ||    92
   Stab: Sleeping          |     3 |     2 |       |       |     5 |     9 |     6 |     7 |     4 ||    36
         Distracted        |       |       |       |       |     1 |       |     2 |     4 |     1 ||     8
         Confused          |       |       |       |       |       |       |     2 |     1 |       ||     3
         Invisible         |       |       |       |       |       |       |       |     1 |       ||     1
 Armour: Skin              |     1 |       |     8 |     3 |    32 |    32 |     1 |     1 |    33 ||   111
  Dodge: Dodged            |     9 |     6 |    23 |    30 |   143 |   178 |   124 |   176 |   459 ||  1148
  Block: Other             |       |       |       |       |    38 |     9 |       |       |       ||    47
         Reflection        |       |       |       |       |     2 |    37 |    23 |    20 |    16 ||    98
         Buckler           |       |       |       |       |       |   131 |    23 |       |       ||   154
         Kite shield       |       |       |       |       |       |       |    44 |   105 |   314 ||   463

Table legend: (Time is in decaauts)
 A = Elapsed time spent in this place.
 B = Non-inter-level travel time spent in this place.
 C = Inter-level travel time spent in this place.
 D = Time resting spent in this place.
 E = Time spent auto-exploring this place.
 F = Levels seen in this place.
 G = Mean time per level.
                   A        B        C        D        E       F      G
               +--------+--------+--------+--------+--------+-----+--------+
         Total |  95750 |  88226 |   7524 |   9994 |  53518 | 114 |  839.9 |
       Dungeon |  20960 |  17844 |   3116 |   1428 |  12153 |  15 | 1397.3 |
        Temple |     39 |     20 |     19 |      0 |      0 |   1 |   39.0 |
          Lair |   7842 |   7281 |    561 |    457 |   5300 |   5 | 1568.4 |
         Swamp |   4874 |   4680 |    194 |      0 |   3693 |   4 | 1218.5 |
     Snake Pit |   7933 |   7625 |    308 |   1006 |   5114 |   4 | 1983.2 |
    Slime Pits |   3321 |   3206 |    115 |    599 |   1740 |   5 |  664.2 |
  Orcish Mines |   4239 |   3822 |    417 |   1416 |   1442 |   2 | 2119.5 |
   Elven Halls |   6858 |   6217 |    641 |    587 |   3866 |   3 | 2286.0 |
        Vaults |  11932 |  10915 |   1017 |    937 |   7719 |   5 | 2386.4 |
         Crypt |   4648 |   4240 |    408 |    223 |   2820 |   3 | 1549.3 |
          Tomb |   5282 |   5199 |     83 |   1038 |   2402 |   3 | 1760.7 |
        Depths |   5536 |   5135 |    401 |    309 |   3252 |   4 | 1384.0 |
          Hell |   1794 |   1776 |     18 |    492 |    575 |   1 | 1794.0 |
           Dis |    351 |    351 |      0 |    327 |      0 |   1 |  351.0 |
       Gehenna |   1174 |   1100 |     74 |    154 |    524 |   4 |  293.5 |
       Cocytus |   1276 |   1129 |    147 |     52 |    741 |   5 |  255.2 |
      Tartarus |     20 |     20 |      0 |      0 |      0 |   1 |   20.0 |
      Ziggurat |   6260 |   6260 |      0 |    889 |   1534 |  45 |  139.1 |
        Bazaar |    134 |    134 |      0 |      0 |      0 |   1 |  134.0 |
         Trove |     82 |     82 |      0 |      0 |      0 |   1 |   82.0 |
        Bailey |   1185 |   1185 |      0 |     80 |    642 |   1 | 1185.0 |
               +--------+--------+--------+--------+--------+-----+--------+

Top non-repeatable levels by time:
  Tomb:1: 3312 daAuts
   Orc:2: 3031 daAuts
 Snake:1: 2915 daAuts
   Elf:2: 2842 daAuts
Vaults:3: 2827 daAuts
Vaults:4: 2781 daAuts
  Lair:5: 2664 daAuts
Vaults:2: 2500 daAuts
 Snake:3: 2448 daAuts
   Elf:3: 2356 daAuts
 Swamp:4: 1971 daAuts
    D:13: 1970 daAuts
Vaults:5: 1924 daAuts
    D:15: 1924 daAuts
    D:14: 1899 daAuts
